Workbook

Sheet ANEXO ECONOMICO nov, dic y ener
C2: SALARIOS 2025 | D2: SALARIOS 2026 | E2: INSUMOS
B3: TIEMPO COMPLETO | C3: =+'[1]Costos Operarios'!C33 -> 2576000 | D3: =+'[1]Costos Operarios'!H36 -> 3458319.9 | E3: 200000
B4: MEDIO TIEMPO | C4: =+'[1]Costos Operarios'!D33 -> 1470900 | D4: =+'[1]Costos Operarios'!I36 -> 1968955.5 | E4: 110000
B5: COORDINADOR | C5: 0 | E5: 0
B6: 3 HORAS 3 DIAS A LA SEMANA | C6: 574516 | D6: =+'[1]Costos Operarios'!J36 -> 794464.26 | E6: 100000
B7: AIU (%) | C7: 0.1 | P7: =+P8/30*27 -> 3112487.9
P8: =+P13/2 -> 3458319.9
A10: COSTO MENSUAL POR OPERARIO | J10: VIGENCIA 2025 | S10: 2026
A11: MUNICIPIOS | B11: UBICACIÓN | C11: Cantidad | D11: Costo | E11: AIU (%) | F11: Subtotal | G11: Base Gravable | H11: IVA (19%) | I11: TOTAL | J11: Total Costo Mensual por operario | K11: Total Costo Mes X insumos de aseo | L11: NOVIEMBRE DEL 19-30 DEL 2025 (12 Dias) | N11: Diciembre del 01 al 30 2025 (30 Dias) insumos (medio tiempo y 3*3, 15 dias), | P11: COSTO MES OPERARIO + 23,2 % DE INCREMENTO PARA 2026 | Q11: INSUMOS DE ASEO | R11: TOTAL MES OPERARIO CON INSUMOS DE ASEO VIGENCICA 2026 | S11: ENERO DEL 2026 | U11: total enero | V11: total enero sin insumos
L12: V, medios humanos | M12: V, Insumos | N12: V, medios humanos | O12: V, Insumos | S12: 27 | T12: 3
A13: CUCUTA | B13: Palacio Justicia Cúcuta torre A (PISO No 1) | C13: 2 | D13: =+$C$3 -> 2576000 | E13: =+ROUND((D13*$C$7),0) -> 257600 | F13: =+E13+D13 -> 2833600 | G13: =+ROUND((F13*10%),0) -> 283360 | H13: =ROUND((E13*19%),0) -> 48944 | I13: =+H13+F13 -> 2882544 | J13: =+I13*C13 -> 5765088 | K13: =+$E$3*C13 -> 400000 | L13: =+J13/30*12 -> 2306035.2 | M13: =+K13/30*12 -> 160000 | N13: =+K13 -> 400000 | O13: =+J13 -> 5765088 | P13: =+$D$3*C13 -> 6916639.7 | Q13: =+K13 -> 400000 | R13: =+Q13+P13 -> 7316639.7 | S13: =+(P13/30*$S$12)+(Q13/30*$S$12) -> 6584975.7 | T13: =SUM('[1]ANEXO ECONOMICO MODIFICACION 3'!N13:N14) -> 582727.6 | U13: =SUM(S13:T13) -> 7167703.3 | V13: =+U13-Q13 -> 6767703.3
B14: Palacio Justicia Cúcuta torre A (PISO No 2) | C14: 2 | D14: =+$C$3 -> 2576000 | E14: =+ROUND((D14*$C$7),0) -> 257600 | F14: =+E14+D14 -> 2833600 | G14: =+ROUND((F14*10%),0) -> 283360 | H14: =ROUND((E14*19%),0) -> 48944 | I14: =+H14+F14 -> 2882544 | J14: =+I14*C14 -> 5765088 | K14: =+$E$3*C14 -> 400000 | L14: =+J14/30*12 -> 2306035.2 | M14: =+K14/30*12 -> 160000 | N14: =+K14 -> 400000 | O14: =+J14 -> 5765088 | P14: =+$D$3*C14 -> 6916639.7 | Q14: =+K14 -> 400000 | R14: =+Q14+P14 -> 7316639.7 | S14: =+(P14/30*$S$12)+(Q14/30*$S$12) -> 6584975.7 | T14: =SUM('[1]ANEXO ECONOMICO MODIFICACION 3'!N15:N16) -> 582727.6 | U14: =SUM(S14:T14) -> 7167703.3 | V14: =+U14-Q14 -> 6767703.3
B15: Palacio Justicia Cúcuta torre A (PISO No 3) | C15: 2 | D15: =+$C$3 -> 2576000 | E15: =+ROUND((D15*$C$7),0) -> 257600 | F15: =+E15+D15 -> 2833600 | G15: =+ROUND((F15*10%),0) -> 283360 | H15: =ROUND((E15*19%),0) -> 48944 | I15: =+H15+F15 -> 2882544 | J15: =+I15*C15 -> 5765088 | K15: =+$E$3*C15 -> 400000 | L15: =+J15/30*12 -> 2306035.2 | M15: =+K15/30*12 -> 160000 | N15: =+K15 -> 400000 | O15: =+J15 -> 5765088 | P15: =+$D$3*C15 -> 6916639.7 | Q15: =+K15 -> 400000 | R15: =+Q15+P15 -> 7316639.7 | S15: =+(P15/30*$S$12)+(Q15/30*$S$12) -> 6584975.7 | T15: =SUM('[1]ANEXO ECONOMICO MODIFICACION 3'!N17:N18) -> 582727.6 | U15: =SUM(S15:T15) -> 7167703.3 | V15: =+U15-Q15 -> 6767703.3
B16: Palacio Justicia Cúcuta torre A (PISO No 4) | C16: 2 | D16: =+$C$3 -> 2576000 | E16: =+ROUND((D16*$C$7),0) -> 257600 | F16: =+E16+D16 -> 2833600 | G16: =+ROUND((F16*10%),0) -> 283360 | H16: =ROUND((E16*19%),0) -> 48944 | I16: =+H16+F16 -> 2882544 | J16: =+I16*C16 -> 5765088 | K16: =+$E$3*C16 -> 400000 | L16: =+J16/30*12 -> 2306035.2 | M16: =+K16/30*12 -> 160000 | N16: =+K16 -> 400000 | O16: =+J16 -> 5765088 | P16: =+$D$3*C16 -> 6916639.7 | Q16: =+K16 -> 400000 | R16: =+Q16+P16 -> 7316639.7 | S16: =+(P16/30*$S$12)+(Q16/30*$S$12) -> 6584975.7 | T16: =SUM('[1]ANEXO ECONOMICO MODIFICACION 3'!N19:N20) -> 582727.6 | U16: =SUM(S16:T16) -> 7167703.3 | V16: =+U16-Q16 -> 6767703.3
B17: Palacio Justicia Cúcuta torre B (PISO 1 y 2) | C17: 1 | D17: =+$C$3 -> 2576000 | E17: =+ROUND((D17*$C$7),0) -> 257600 | F17: =+E17+D17 -> 2833600 | G17: =+ROUND((F17*10%),0) -> 283360 | H17: =ROUND((E17*19%),0) -> 48944 | I17: =+H17+F17 -> 2882544 | J17: =+I17*C17 -> 2882544 | K17: =+$E$3*C17 -> 200000 | L17: =+J17/30*12 -> 1153017.6 | M17: =+K17/30*12 -> 80000 | N17: =+K17 -> 200000 | O17: =+J17 -> 2882544 | P17: =+$D$3*C17 -> 3458319.9 | Q17: =+K17 -> 200000 | R17: =+Q17+P17 -> 3658319.9 | S17: =+(P17/30*$S$12)+(Q17/30*$S$12) -> 3292487.9 | T17: =+R17/30*T12 -> 365831.99 | U17: =SUM(S17:T17) -> 3658319.9 | V17: =+U17-Q17 -> 3458319.9
B18: Palacio Justicia Cúcuta torre C (PISO 1) | C18: 2 | D18: =+$C$3 -> 2576000 | E18: =+ROUND((D18*$C$7),0) -> 257600 | F18: =+E18+D18 -> 2833600 | G18: =+ROUND((F18*10%),0) -> 283360 | H18: =ROUND((E18*19%),0) -> 48944 | I18: =+H18+F18 -> 2882544 | J18: =+I18*C18 -> 5765088 | K18: =+$E$3*C18 -> 400000 | L18: =+J18/30*12 -> 2306035.2 | M18: =+K18/30*12 -> 160000 | N18: =+K18 -> 400000 | O18: =+J18 -> 5765088 | P18: =+$D$3*C18 -> 6916639.7 | Q18: =+K18 -> 400000 | R18: =+Q18+P18 -> 7316639.7 | S18: =+(P18/30*$S$12)+(Q18/30*$S$12) -> 6584975.7 | T18: =SUM('[1]ANEXO ECONOMICO MODIFICACION 3'!N22:N23) -> 582727.6 | U18: =SUM(S18:T18) -> 7167703.3 | V18: =+U18-Q18 -> 6767703.3
B19: Palacio Justicia Cúcuta torre C (PISO 2) | C19: 2 | D19: =+$C$3 -> 2576000 | E19: =+ROUND((D19*$C$7),0) -> 257600 | F19: =+E19+D19 -> 2833600 | G19: =+ROUND((F19*10%),0) -> 283360 | H19: =ROUND((E19*19%),0) -> 48944 | I19: =+H19+F19 -> 2882544 | J19: =+I19*C19 -> 5765088 | K19: =+$E$3*C19 -> 400000 | L19: =+J19/30*12 -> 2306035.2 | M19: =+K19/30*12 -> 160000 | N19: =+K19 -> 400000 | O19: =+J19 -> 5765088 | P19: =+$D$3*C19 -> 6916639.7 | Q19: =+K19 -> 400000 | R19: =+Q19+P19 -> 7316639.7 | S19: =+(P19/30*$S$12)+(Q19/30*$S$12) -> 6584975.7 | T19: =+R19/30*T12 -> 731663.97 | U19: =SUM(S19:T19) -> 7316639.7 | V19: =+U19-Q19 -> 6916639.7
B20: Palacio Justicia Cúcuta torre C (PISO 3) | C20: 2 | D20: =+$C$3 -> 2576000 | E20: =+ROUND((D20*$C$7),0) -> 257600 | F20: =+E20+D20 -> 2833600 | G20: =+ROUND((F20*10%),0) -> 283360 | H20: =ROUND((E20*19%),0) -> 48944 | I20: =+H20+F20 -> 2882544 | J20: =+I20*C20 -> 5765088 | K20: =+$E$3*C20 -> 400000 | L20: =+J20/30*12 -> 2306035.2 | M20: =+K20/30*12 -> 160000 | N20: =+K20 -> 400000 | O20: =+J20 -> 5765088 | P20: =+$D$3*C20 -> 6916639.7 | Q20: =+K20 -> 400000 | R20: =+Q20+P20 -> 7316639.7 | S20: =+(P20/30*$S$12)+(Q20/30*$S$12) -> 6584975.7 | T20: =SUM('[1]ANEXO ECONOMICO MODIFICACION 3'!N25:N26) -> 582727.6 | U20: =SUM(S20:T20) -> 7167703.3 | V20: =+U20-Q20 -> 6767703.3
B21: Palacio Justicia Cúcuta torre C (PISO 4) | C21: 2 | D21: =+$C$3 -> 2576000 | E21: =+ROUND((D21*$C$7),0) -> 257600 | F21: =+E21+D21 -> 2833600 | G21: =+ROUND((F21*10%),0) -> 283360 | H21: =ROUND((E21*19%),0) -> 48944 | I21: =+H21+F21 -> 2882544 | J21: =+I21*C21 -> 5765088 | K21: =+$E$3*C21 -> 400000 | L21: =+J21/30*12 -> 2306035.2 | M21: =+K21/30*12 -> 160000 | N21: =+K21 -> 400000 | O21: =+J21 -> 5765088 | P21: =+$D$3*C21 -> 6916639.7 | Q21: =+K21 -> 400000 | R21: =+Q21+P21 -> 7316639.7 | S21: =+(P21/30*$S$12)+(Q21/30*$S$12) -> 6584975.7 | T21: =+R21/30*T12 -> 731663.97 | U21: =SUM(S21:T21) -> 7316639.7 | V21: =+U21-Q21 -> 6916639.7
B22: Palacio Justicia Cúcuta torre C (Sotanos y archivos) | C22: 1 | D22: =+$C$3 -> 2576000 | E22: =+ROUND((D22*$C$7),0) -> 257600 | F22: =+E22+D22 -> 2833600 | G22: =+ROUND((F22*10%),0) -> 283360 | H22: =ROUND((E22*19%),0) -> 48944 | I22: =+H22+F22 -> 2882544 | J22: =+I22*C22 -> 2882544 | K22: =+$E$3*C22 -> 200000 | L22: =+J22/30*12 -> 1153017.6 | M22: =+K22/30*12 -> 80000 | N22: =+K22 -> 200000 | O22: =+J22 -> 2882544 | P22: =+$D$3*C22 -> 3458319.9 | Q22: =+K22 -> 200000 | R22: =+Q22+P22 -> 3658319.9 | S22: =+(P22/30*$S$12)+(Q22/30*$S$12) -> 3292487.9 | T22: =+R22/30*T12 -> 365831.99 | U22: =SUM(S22:T22) -> 3658319.9 | V22: =+U22-Q22 -> 3458319.9
B23: SEDE CESPA | C23: 1 | D23: =+$C$3 -> 2576000 | E23: =+ROUND((D23*$C$7),0) -> 257600 | F23: =+E23+D23 -> 2833600 | G23: =+ROUND((F23*10%),0) -> 283360 | H23: =ROUND((E23*19%),0) -> 48944 | I23: =+H23+F23 -> 2882544 | J23: =+I23*C23 -> 2882544 | K23: =+$E$3*C23 -> 200000 | L23: =+J23/30*12 -> 1153017.6 | M23: =+K23/30*12 -> 80000 | N23: =+K23 -> 200000 | O23: =+J23 -> 2882544 | P23: =+$D$3*C23 -> 3458319.9 | Q23: =+K23 -> 200000 | R23: =+Q23+P23 -> 3658319.9 | S23: =+(P23/30*$S$12)+(Q23/30*$S$12) -> 3292487.9 | T23: =+R23/30*T12 -> 365831.99 | U23: =SUM(S23:T23) -> 3658319.9 | V23: =+U23-Q23 -> 3458319.9
B24: JUZGADO BANCO DE BOGOTA | C24: 1 | D24: =+$C$3 -> 2576000 | E24: =+ROUND((D24*$C$7),0) -> 257600 | F24: =+E24+D24 -> 2833600 | G24: =+ROUND((F24*10%),0) -> 283360 | H24: =ROUND((E24*19%),0) -> 48944 | I24: =+H24+F24 -> 2882544 | J24: =+I24*C24 -> 2882544 | K24: =+$E$3*C24 -> 200000 | L24: =+J24/30*12 -> 1153017.6 | M24: =+K24/30*12 -> 80000 | N24: =+K24 -> 200000 | O24: =+J24 -> 2882544 | P24: =+$D$3*C24 -> 3458319.9 | Q24: =+K24 -> 200000 | R24: =+Q24+P24 -> 3658319.9 | S24: =+(P24/30*$S$12)+(Q24/30*$S$12) -> 3292487.9 | T24: =+'[1]ANEXO ECONOMICO MODIFICACION 3'!N30 -> 216895.6 | U24: =SUM(S24:T24) -> 3509383.5 | V24: =+U24-Q24 -> 3309383.5
B25: JUZGADOS ATALAYA | C25: 1 | D25: =+$C$3 -> 2576000 | E25: =+ROUND((D25*$C$7),0) -> 257600 | F25: =+E25+D25 -> 2833600 | G25: =+ROUND((F25*10%),0) -> 283360 | H25: =ROUND((E25*19%),0) -> 48944 | I25: =+H25+F25 -> 2882544 | J25: =+I25*C25 -> 2882544 | K25: =+$E$3*C25 -> 200000 | L25: =+J25/30*12 -> 1153017.6 | M25: =+K25/30*12 -> 80000 | N25: =+K25 -> 200000 | O25: =+J25 -> 2882544 | P25: =+$D$3*C25 -> 3458319.9 | Q25: =+K25 -> 200000 | R25: =+Q25+P25 -> 3658319.9 | S25: =+(P25/30*$S$12)+(Q25/30*$S$12) -> 3292487.9 | T25: =+'[1]ANEXO ECONOMICO MODIFICACION 3'!N31 -> 216895.6 | U25: =SUM(S25:T25) -> 3509383.5 | V25: =+U25-Q25 -> 3309383.5
B26: TEMIS | C26: 2 | D26: =+$C$3 -> 2576000 | E26: =+ROUND((D26*$C$7),0) -> 257600 | F26: =+E26+D26 -> 2833600 | G26: =+ROUND((F26*10%),0) -> 283360 | H26: =ROUND((E26*19%),0) -> 48944 | I26: =+H26+F26 -> 2882544 | J26: =+I26*C26 -> 5765088 | K26: =+$E$3*C26 -> 400000 | L26: =+J26/30*12 -> 2306035.2 | M26: =+K26/30*12 -> 160000 | N26: =+K26 -> 400000 | O26: =+J26 -> 5765088 | P26: =+$D$3*C26 -> 6916639.7 | Q26: =+K26 -> 400000 | R26: =+Q26+P26 -> 7316639.7 | S26: =+(P26/30*$S$12)+(Q26/30*$S$12) -> 6584975.7 | T26: =SUM('[1]ANEXO ECONOMICO MODIFICACION 3'!N32:N33) -> 582727.6 | U26: =SUM(S26:T26) -> 7167703.3 | V26: =+U26-Q26 -> 6767703.3
B27: EDIFICIO LEYDI | C27: 1 | D27: =+$C$3 -> 2576000 | E27: =+ROUND((D27*$C$7),0) -> 257600 | F27: =ROUND((+E27+D27),0) -> 2833600 | G27: =+ROUND((F27*10%),0) -> 283360 | H27: =ROUND((E27*19%),0) -> 48944 | I27: =+H27+F27 -> 2882544 | J27: =+I27*C27 -> 2882544 | K27: =+$E$3*C27 -> 200000 | L27: =+J27/30*12 -> 1153017.6 | M27: =+K27/30*12 -> 80000 | N27: =+K27 -> 200000 | O27: =+J27 -> 2882544 | P27: =+$D$3*C27 -> 3458319.9 | Q27: =+K27 -> 200000 | R27: =+Q27+P27 -> 3658319.9 | S27: =+(P27/30*$S$12)+(Q27/30*$S$12) -> 3292487.9 | T27: =+R27/30*T12 -> 365831.99 | U27: =SUM(S27:T27) -> 3658319.9 | V27: =+U27-Q27 -> 3458319.9
B28: MANTENIMIENTO CON ALTURAS | C28: 6 | D28: =+$C$3 -> 2576000 | E28: =+ROUND((D28*$C$7),0) -> 257600 | F28: =ROUND((+E28+D28),0) -> 2833600 | G28: =+ROUND((F28*10%),0) -> 283360 | H28: =ROUND((E28*19%),0) -> 48944 | I28: =+H28+F28 -> 2882544 | J28: =+I28*C28 -> 17295264 | K28: 0 | L28: =+J28/30*12 -> 6918105.6 | M28: =+K28/30*12 -> 0 | N28: =+K28 -> 0 | O28: =+J28 -> 17295264 | P28: =+$D$3*C28 -> 20749919 | Q28: =+K28 -> 0 | R28: =+Q28+P28 -> 20749919 | S28: =+(P28/30*$S$12)+(Q28/30*$S$12) -> 18674927 | T28: =+'[1]ANEXO ECONOMICO MODIFICACION 3'!N35 -> 1729160 | U28: =SUM(S28:T28) -> 20404087 | V28: =+U28-Q28 -> 20404087
A29: PATIOS | B29: PALACIO DE JUSTICIA PATIOS | C29: 2 | D29: =+$C$3 -> 2576000 | E29: =+ROUND((D29*$C$7),0) -> 257600 | F29: =ROUND((+E29+D29),0) -> 2833600 | G29: =+ROUND((F29*10%),0) -> 283360 | H29: =ROUND((E29*19%),0) -> 48944 | I29: =+H29+F29 -> 2882544 | J29: =+I29*C29 -> 5765088 | K29: =+$E$3*C29 -> 400000 | L29: =+J29/30*12 -> 2306035.2 | M29: =+K29/30*12 -> 160000 | N29: =+K29 -> 400000 | O29: =+J29 -> 5765088 | P29: =+$D$3*C29 -> 6916639.7 | Q29: =+K29 -> 400000 | R29: =+Q29+P29 -> 7316639.7 | S29: =+(P29/30*$S$12)+(Q29/30*$S$12) -> 6584975.7 | T29: =+R29/30*T12 -> 731663.97 | U29: =SUM(S29:T29) -> 7316639.7 | V29: =+U29-Q29 -> 6916639.7
B30: MANTENIMIENTO CON ALTURAS | C30: 1 | D30: =+$C$3 -> 2576000 | E30: =+ROUND((D30*$C$7),0) -> 257600 | F30: =ROUND((+E30+D30),0) -> 2833600 | G30: =+ROUND((F30*10%),0) -> 283360 | H30: =ROUND((E30*19%),0) -> 48944 | I30: =+H30+F30 -> 2882544 | J30: =+I30*C30 -> 2882544 | K30: 0 | L30: =+J30/30*12 -> 1153017.6 | M30: =+K30/30*12 -> 0 | N30: =+K30 -> 0 | O30: =+J30 -> 2882544 | P30: =+$D$3*C30 -> 3458319.9 | Q30: =+K30 -> 0 | R30: =+Q30+P30 -> 3458319.9 | S30: =+(P30/30*$S$12)+(Q30/30*$S$12) -> 3112487.9 | T30: =+R30/30*T12 -> 345831.99 | U30: =SUM(S30:T30) -> 3458319.9 | V30: =+U30-Q30 -> 3458319.9
A31: PAMPLONA | B31: Palacio Justicia de Pamplona | C31: 2 | D31: =+$C$3 -> 2576000 | E31: =+ROUND((D31*$C$7),0) -> 257600 | F31: =ROUND((+E31+D31),0) -> 2833600 | G31: =+ROUND((F31*10%),0) -> 283360 | H31: =ROUND((E31*19%),0) -> 48944 | I31: =+H31+F31 -> 2882544 | J31: =+I31*C31 -> 5765088 | K31: =+$E$3*C31 -> 400000 | L31: =+J31/30*12 -> 2306035.2 | M31: =+K31/30*12 -> 160000 | N31: =+K31 -> 400000 | O31: =+J31 -> 5765088 | P31: =+$D$3*C31 -> 6916639.7 | Q31: =+K31 -> 400000 | R31: =+Q31+P31 -> 7316639.7 | S31: =+(P31/30*$S$12)+(Q31/30*$S$12) -> 6584975.7 | T31: =+R31/30*T12 -> 731663.97 | U31: =SUM(S31:T31) -> 7316639.7 | V31: =+U31-Q31 -> 6916639.7
B32: MANTENIMIENTO CON ALTURAS | C32: 1 | D32: =+$C$3 -> 2576000 | E32: =+ROUND((D32*$C$7),0) -> 257600 | F32: =ROUND((+E32+D32),0) -> 2833600 | G32: =+ROUND((F32*10%),0) -> 283360 | H32: =ROUND((E32*19%),0) -> 48944 | I32: =+H32+F32 -> 2882544 | J32: =+I32*C32 -> 2882544 | K32: 0 | L32: =+J32/30*12 -> 1153017.6 | M32: =+K32/30*12 -> 0 | N32: =+K32 -> 0 | O32: =+J32 -> 2882544 | P32: =+$D$3*C32 -> 3458319.9 | Q32: =+K32 -> 0 | R32: =+Q32+P32 -> 3458319.9 | S32: =+(P32/30*$S$12)+(Q32/30*$S$12) -> 3112487.9 | T32: =+R32/30*T12 -> 345831.99 | U32: =SUM(S32:T32) -> 3458319.9 | V32: =+U32-Q32 -> 3458319.9
A33: OCAÑA | B33: Palacio de Justicia de Ocaña | C33: 3 | D33: =+$C$3 -> 2576000 | E33: =+ROUND((D33*$C$7),0) -> 257600 | F33: =ROUND((+E33+D33),0) -> 2833600 | G33: =+ROUND((F33*10%),0) -> 283360 | H33: =ROUND((E33*19%),0) -> 48944 | I33: =+H33+F33 -> 2882544 | J33: =+I33*C33 -> 8647632 | K33: =+$E$3*C33 -> 600000 | L33: =+J33/30*12 -> 3459052.8 | M33: =+K33/30*12 -> 240000 | N33: =+K33 -> 600000 | O33: =+J33 -> 8647632 | P33: =+$D$3*C33 -> 10374960 | Q33: =+K33 -> 600000 | R33: =+Q33+P33 -> 10974960 | S33: =+(P33/30*$S$12)+(Q33/30*$S$12) -> 9877463.6 | T33: =SUM('[1]ANEXO ECONOMICO MODIFICACION 3'!N40:N41) -> 948559.6 | U33: =SUM(S33:T33) -> 10826023 | V33: =+U33-Q33 -> 10226023
B34: MANTENIMIENTO CON ALTURAS | C34: 1 | D34: =+$C$3 -> 2576000 | E34: =+ROUND((D34*$C$7),0) -> 257600 | F34: =ROUND((+E34+D34),0) -> 2833600 | G34: =+ROUND((F34*10%),0) -> 283360 | H34: =ROUND((E34*19%),0) -> 48944 | I34: =+H34+F34 -> 2882544 | J34: =+I34*C34 -> 2882544 | K34: 0 | L34: =+J34/30*12 -> 1153017.6 | M34: =+K34/30*12 -> 0 | N34: =+K34 -> 0 | O34: =+J34 -> 2882544 | P34: =+$D$3*C34 -> 3458319.9 | Q34: =+K34 -> 0 | R34: =+Q34+P34 -> 3458319.9 | S34: =+(P34/30*$S$12)+(Q34/30*$S$12) -> 3112487.9 | T34: =+R34/30*T12 -> 345831.99 | U34: =SUM(S34:T34) -> 3458319.9 | V34: =+U34-Q34 -> 3458319.9
A35: ARAUCA | B35: CESPA ARAUCA 3 | C35: 1 | D35: =+$C$3 -> 2576000 | E35: =+ROUND((D35*$C$7),0) -> 257600 | F35: =ROUND((+E35+D35),0) -> 2833600 | G35: =+ROUND((F35*10%),0) -> 283360 | H35: =ROUND((E35*19%),0) -> 48944 | I35: =+H35+F35 -> 2882544 | J35: =+I35*C35 -> 2882544 | K35: =+$E$3*C35 -> 200000 | L35: =+J35/30*12 -> 1153017.6 | M35: =+K35/30*12 -> 80000 | N35: =+K35 -> 200000 | O35: =+J35 -> 2882544 | P35: =+$D$3*C35 -> 3458319.9 | Q35: =+K35 -> 200000 | R35: =+Q35+P35 -> 3658319.9 | S35: =+(P35/30*$S$12)+(Q35/30*$S$12) -> 3292487.9 | T35: =+R35/30*T12 -> 365831.99 | U35: =SUM(S35:T35) -> 3658319.9 | V35: =+U35-Q35 -> 3458319.9
B36: PALACIO DE JUSTICIA ARAUCA VIEJO | C36: 1 | D36: =+$C$3 -> 2576000 | E36: =+ROUND((D36*$C$7),0) -> 257600 | F36: =ROUND((+E36+D36),0) -> 2833600 | G36: =+ROUND((F36*10%),0) -> 283360 | H36: =ROUND((E36*19%),0) -> 48944 | I36: =+H36+F36 -> 2882544 | J36: =+I36*C36 -> 2882544 | K36: =+$E$3*C36 -> 200000 | L36: =+J36/30*12 -> 1153017.6 | M36: =+K36/30*12 -> 80000 | N36: =+K36 -> 200000 | O36: =+J36 -> 2882544 | P36: =+$D$3*C36 -> 3458319.9 | Q36: =+K36 -> 200000 | R36: =+Q36+P36 -> 3658319.9 | S36: =+(P36/30*$S$12)+(Q36/30*$S$12) -> 3292487.9 | T36: =+R36/30*T12 -> 365831.99 | U36: =SUM(S36:T36) -> 3658319.9 | V36: =+U36-Q36 -> 3458319.9
B37: MANTENIMIENTO CON ALTURAS (P.J.VIEJO) | C37: 2 | D37: =+$C$3 -> 2576000 | E37: =+ROUND((D37*$C$7),0) -> 257600 | F37: =ROUND((+E37+D37),0) -> 2833600 | G37: =+ROUND((F37*10%),0) -> 283360 | H37: =ROUND((E37*19%),0) -> 48944 | I37: =+H37+F37 -> 2882544 | J37: =+I37*C37 -> 5765088 | K37: 0 | L37: =+J37/30*12 -> 2306035.2 | M37: =+K37/30*12 -> 0 | N37: =+K37 -> 0 | O37: =+J37 -> 5765088 | P37: =+$D$3*C37 -> 6916639.7 | Q37: =+K37 -> 0 | R37: =+Q37+P37 -> 6916639.7 | S37: =+(P37/30*$S$12)+(Q37/30*$S$12) -> 6224975.7 | T37: =+R37/30*T12 -> 691663.97 | U37: =SUM(S37:T37) -> 6916639.7 | V37: =+U37-Q37 -> 6916639.7
B38: Palacio de Justicia de Arauca NUEVO 1 | C38: 4 | D38: =+$C$3 -> 2576000 | E38: =+ROUND((D38*$C$7),0) -> 257600 | F38: =ROUND((+E38+D38),0) -> 2833600 | G38: =+ROUND((F38*10%),0) -> 283360 | H38: =ROUND((E38*19%),0) -> 48944 | I38: =+H38+F38 -> 2882544 | J38: =+I38*C38 -> 11530176 | K38: =+$E$3*C38 -> 800000 | L38: =+J38/30*12 -> 4612070.4 | M38: =+K38/30*12 -> 320000 | N38: =+K38 -> 800000 | O38: =+J38 -> 11530176 | P38: =+$D$3*C38 -> 13833279 | Q38: =+K38 -> 800000 | R38: =+Q38+P38 -> 14633279 | S38: =+(P38/30*$S$12)+(Q38/30*$S$12) -> 13169951 | T38: =SUM('[1]ANEXO ECONOMICO MODIFICACION 3'!N46:N47) -> 1314391.6 | U38: =SUM(S38:T38) -> 14484343 | V38: =+U38-Q38 -> 13684343
B39: MANTENIMIENTO CON ALTURAS (NUEVO) | C39: 1 | D39: =+$C$3 -> 2576000 | E39: =+ROUND((D39*$C$7),0) -> 257600 | F39: =ROUND((+E39+D39),0) -> 2833600 | G39: =+ROUND((F39*10%),0) -> 283360 | H39: =ROUND((E39*19%),0) -> 48944 | I39: =+H39+F39 -> 2882544 | J39: =+I39*C39 -> 2882544 | K39: 0 | L39: =+J39/30*12 -> 1153017.6 | M39: =+K39/30*12 -> 0 | N39: =+K39 -> 0 | O39: =+J39 -> 2882544 | P39: =+$D$3*C39 -> 3458319.9 | Q39: =+K39 -> 0 | R39: =+Q39+P39 -> 3458319.9 | S39: =+(P39/30*$S$12)+(Q39/30*$S$12) -> 3112487.9 | T39: =+R39/30*$T$12 -> 345831.99 | U39: =SUM(S39:T39) -> 3458319.9 | V39: =+U39-Q39 -> 3458319.9
B40: JUZGADO PROMISCUO TAME | C40: 1 | D40: =+$C$3 -> 2576000 | E40: =+ROUND((D40*$C$7),0) -> 257600 | F40: =ROUND((+E40+D40),0) -> 2833600 | G40: =+ROUND((F40*10%),0) -> 283360 | H40: =ROUND((E40*19%),0) -> 48944 | I40: =+H40+F40 -> 2882544 | J40: =+I40*C40 -> 2882544 | K40: =+$E$3*C40 -> 200000 | L40: =+J40/30*12 -> 1153017.6 | M40: =+K40/30*12 -> 80000 | N40: =+K40 -> 200000 | O40: =+J40 -> 2882544 | P40: =+$D$3*C40 -> 3458319.9 | Q40: =+K40 -> 200000 | R40: =+Q40+P40 -> 3658319.9 | S40: =+(P40/30*$S$12)+(Q40/30*$S$12) -> 3292487.9 | T40: =+R40/30*$T$12 -> 365831.99 | U40: =SUM(S40:T40) -> 3658319.9 | V40: =+U40-Q40 -> 3458319.9
B41: Juzgado penales saravena | C41: 1 | D41: =+$C$3 -> 2576000 | E41: =+ROUND((D41*$C$7),0) -> 257600 | F41: =ROUND((+E41+D41),0) -> 2833600 | G41: =+ROUND((F41*10%),0) -> 283360 | H41: =ROUND((E41*19%),0) -> 48944 | I41: =+H41+F41 -> 2882544 | J41: =+I41*C41 -> 2882544 | K41: =+$E$3*C41 -> 200000 | L41: =+J41/30*12 -> 1153017.6 | M41: =+K41/30*12 -> 80000 | N41: =+K41 -> 200000 | O41: =+J41 -> 2882544 | P41: =+$D$3*C41 -> 3458319.9 | Q41: =+K41 -> 200000 | R41: =+Q41+P41 -> 3658319.9 | S41: =+(P41/30*$S$12)+(Q41/30*$S$12) -> 3292487.9 | T41: =+R41/30*$T$12 -> 365831.99 | U41: =SUM(S41:T41) -> 3658319.9 | V41: =+U41-Q41 -> 3458319.9
A42: VILLA ROSARIO | B42: Edificio los pinos Juzgados Prom, Municipales de vila Rosario | C42: 1 | D42: =+$C$4 -> 1470900 | E42: =+ROUND((D42*$C$7),0) -> 147090 | F42: =ROUND((+E42+D42),0) -> 1617990 | G42: =+ROUND((F42*10%),0) -> 161799 | H42: =ROUND((E42*19%),0) -> 27947 | I42: =+F42+H42 -> 1645937 | J42: =+I42*C42 -> 1645937 | K42: =+$E$4*C42 -> 110000 | L42: =+J42/30*12 -> 658374.8 | M42: =+K42/30*12 -> 44000 | N42: =+K42/30*15 -> 55000 | O42: =+J42/30*15 -> 822968.5 | P42: =+$D$4*C42 -> 1968955.5 | Q42: =+K42 -> 110000 | R42: =+Q42+P42 -> 2078955.5 | S42: =+(R42/2)/15*12 -> 831582.19 | T42: =+'[1]ANEXO ECONOMICO MODIFICACION 3'!N51 -> 207895.6 | U42: =SUM(S42:T42) -> 1039477.8 | V42: =+(U42)-(Q42/2) -> 984477.79
A43: CUCUTA | B43: Juzgado 01, 02 y 03 Pequeñas causasy competencia Multiple LA LIBERTAD y Atalaya | C43: 1 | D43: =+$C$4 -> 1470900 | E43: =+ROUND((D43*$C$7),0) -> 147090 | F43: =ROUND((+E43+D43),0) -> 1617990 | G43: =+ROUND((F43*10%),0) -> 161799 | H43: =ROUND((E43*19%),0) -> 27947 | I43: =+F43+H43 -> 1645937 | J43: =+I43*C43 -> 1645937 | K43: =+$E$4*C43 -> 110000 | L43: =+J43/30*12 -> 658374.8 | M43: =+K43/30*12 -> 44000 | N43: =+K43/30*15 -> 55000 | O43: =+J43/30*15 -> 822968.5 | P43: =+$D$4*C43 -> 1968955.5 | Q43: =+K43 -> 110000 | R43: =+Q43+P43 -> 2078955.5 | S43: =+(R43/2)/15*12 -> 831582.19 | T43: =+'[1]ANEXO ECONOMICO MODIFICACION 3'!N52 -> 90446.5 | U43: =SUM(S43:T43) -> 922028.69 | V43: =+(U43)-(Q43/2) -> 867028.69
A44: TARRA | B44: Juzgado Tarra | C44: 1 | D44: =+$C$4 -> 1470900 | E44: =+ROUND((D44*$C$7),0) -> 147090 | F44: =ROUND((+E44+D44),0) -> 1617990 | G44: =+ROUND((F44*10%),0) -> 161799 | H44: =ROUND((E44*19%),0) -> 27947 | I44: =+F44+H44 -> 1645937 | J44: =+I44*C44 -> 1645937 | K44: =+$E$4*C44 -> 110000 | L44: =+J44/30*12 -> 658374.8 | M44: =+K44/30*12 -> 44000 | N44: =+K44/30*15 -> 55000 | O44: =+J44/30*15 -> 822968.5 | P44: =+$D$4*C44 -> 1968955.5 | Q44: =+K44 -> 110000 | R44: =+Q44+P44 -> 2078955.5 | S44: =+(R44/2)/15*12 -> 831582.19 | T44: =+'[1]ANEXO ECONOMICO MODIFICACION 3'!N53 -> 90446.5 | U44: =SUM(S44:T44) -> 922028.69 | V44: =+(U44)-(Q44/2) -> 867028.69
A45: SAN CALIXTO | B45: Juzgado san Calixto | C45: 1 | D45: =+$C$4 -> 1470900 | E45: =+ROUND((D45*$C$7),0) -> 147090 | F45: =ROUND((+E45+D45),0) -> 1617990 | G45: =+ROUND((F45*10%),0) -> 161799 | H45: =ROUND((E45*19%),0) -> 27947 | I45: =+F45+H45 -> 1645937 | J45: =+I45*C45 -> 1645937 | K45: =+$E$4*C45 -> 110000 | L45: =+J45/30*12 -> 658374.8 | M45: =+K45/30*12 -> 44000 | N45: =+K45/30*15 -> 55000 | O45: =+J45/30*15 -> 822968.5 | P45: =+$D$4*C45 -> 1968955.5 | Q45: =+K45 -> 110000 | R45: =+Q45+P45 -> 2078955.5 | S45: =+(R45/2)/15*12 -> 831582.19 | T45: =+'[1]ANEXO ECONOMICO MODIFICACION 3'!N54 -> 90446.5 | U45: =SUM(S45:T45) -> 922028.69 | V45: =+(U45)-(Q45/2) -> 867028.69
A46: CUCUTA | B46: Edificio Leidy | C46: 1 | D46: =+$C$4 -> 1470900 | E46: =+ROUND((D46*$C$7),0) -> 147090 | F46: =ROUND((+E46+D46),0) -> 1617990 | G46: =+ROUND((F46*10%),0) -> 161799 | H46: =ROUND((E46*19%),0) -> 27947 | I46: =+F46+H46 -> 1645937 | J46: =+I46*C46 -> 1645937 | K46: =+$E$4*C46 -> 110000 | L46: =+J46/30*12 -> 658374.8 | M46: =+K46/30*12 -> 44000 | N46: =+K46 -> 110000 | O46: =+J46 -> 1645937 | P46: =+$D$4*C46 -> 1968955.5 | Q46: =+K46 -> 110000 | R46: =+Q46+P46 -> 2078955.5 | S46: =+R46/30*S12 -> 1871059.9 | T46: =+R46/30*T12 -> 207895.55 | U46: =SUM(S46:T46) -> 2078955.5 | V46: =+U46-Q46 -> 1968955.5
A47: ARAUCA | B47: Promiscuo Circuito Saravena | C47: 1 | D47: =+$C$4 -> 1470900 | E47: =+ROUND((D47*$C$7),0) -> 147090 | F47: =ROUND((+E47+D47),0) -> 1617990 | G47: =+ROUND((F47*10%),0) -> 161799 | H47: =ROUND((E47*19%),0) -> 27947 | I47: =+F47+H47 -> 1645937 | J47: =+I47*C47 -> 1645937 | K47: =+$E$4*C47 -> 110000 | L47: =+J47/30*12 -> 658374.8 | M47: =+K47/30*12 -> 44000 | N47: =+K47/30*15 -> 55000 | O47: =+J47/30*15 -> 822968.5 | P47: =+$D$4*C47 -> 1968955.5 | Q47: =+K47 -> 110000 | R47: =+Q47+P47 -> 2078955.5 | S47: =+(R47/2)/15*12 -> 831582.19 | T47: =+'[1]ANEXO ECONOMICO MODIFICACION 3'!N56 -> 90446.5 | U47: =SUM(S47:T47) -> 922028.69 | V47: =+(U47)-(Q47/2) -> 867028.69
B48: Juzgado penales saravena | C48: 1 | D48: =+$C$4 -> 1470900 | E48: =+ROUND((D48*$C$7),0) -> 147090 | F48: =ROUND((+E48+D48),0) -> 1617990 | G48: =+ROUND((F48*10%),0) -> 161799 | H48: =ROUND((E48*19%),0) -> 27947 | I48: =+F48+H48 -> 1645937 | J48: =+I48*C48 -> 1645937 | K48: =+$E$4*C48 -> 110000 | L48: =+J48/30*12 -> 658374.8 | M48: =+K48/30*12 -> 44000 | N48: =+K48/30*15 -> 55000 | O48: =+J48/30*15 -> 822968.5 | P48: =+$D$4*C48 -> 1968955.5 | Q48: =+K48 -> 110000 | R48: =+Q48+P48 -> 2078955.5 | S48: =+(R48/2)/15*12 -> 831582.19 | T48: =+'[1]ANEXO ECONOMICO MODIFICACION 3'!N57 -> 207895.6 | U48: =SUM(S48:T48) -> 1039477.8 | V48: =+(U48)-(Q48/2) -> 984477.79
B49: Promiscuo Familia Saravena | C49: 1 | D49: =+$C$4 -> 1470900 | E49: =+ROUND((D49*$C$7),0) -> 147090 | F49: =ROUND((+E49+D49),0) -> 1617990 | G49: =+ROUND((F49*10%),0) -> 161799 | H49: =ROUND((E49*19%),0) -> 27947 | I49: =+F49+H49 -> 1645937 | J49: =+I49*C49 -> 1645937 | K49: =+$E$4*C49 -> 110000 | L49: =+J49/30*12 -> 658374.8 | M49: =+K49/30*12 -> 44000 | N49: =+K49/30*15 -> 55000 | O49: =+J49/30*15 -> 822968.5 | P49: =+$D$4*C49 -> 1968955.5 | Q49: =+K49 -> 110000 | R49: =+Q49+P49 -> 2078955.5 | S49: =+(R49/2)/15*12 -> 831582.19 | T49: =+'[1]ANEXO ECONOMICO MODIFICACION 3'!N58 -> 90446.5 | U49: =SUM(S49:T49) -> 922028.69 | V49: =+(U49)-(Q49/2) -> 867028.69
B50: Juzgado Cravo Norte | C50: 1 | D50: =+$C$4 -> 1470900 | E50: =+ROUND((D50*$C$7),0) -> 147090 | F50: =ROUND((+E50+D50),0) -> 1617990 | G50: =+ROUND((F50*10%),0) -> 161799 | H50: =ROUND((E50*19%),0) -> 27947 | I50: =+F50+H50 -> 1645937 | J50: =+I50*C50 -> 1645937 | K50: =+$E$4*C50 -> 110000 | L50: =+J50/30*12 -> 658374.8 | M50: =+K50/30*12 -> 44000 | N50: =+K50/30*15 -> 55000 | O50: =+J50/30*15 -> 822968.5 | P50: =+$D$4*C50 -> 1968955.5 | Q50: =+K50 -> 110000 | R50: =+Q50+P50 -> 2078955.5 | S50: =+(R50/2)/15*12 -> 831582.19 | T50: =+'[1]ANEXO ECONOMICO MODIFICACION 3'!N59 -> 90446.5 | U50: =SUM(S50:T50) -> 922028.69 | V50: =+(U50)-(Q50/2) -> 867028.69
B51: Juzgado Fortul | C51: 1 | D51: =+$C$4 -> 1470900 | E51: =+ROUND((D51*$C$7),0) -> 147090 | F51: =ROUND((+E51+D51),0) -> 1617990 | G51: =+ROUND((F51*10%),0) -> 161799 | H51: =ROUND((E51*19%),0) -> 27947 | I51: =+F51+H51 -> 1645937 | J51: =+I51*C51 -> 1645937 | K51: =+$E$4*C51 -> 110000 | L51: =+J51/30*12 -> 658374.8 | M51: =+K51/30*12 -> 44000 | N51: =+K51/30*15 -> 55000 | O51: =+J51/30*15 -> 822968.5 | P51: =+$D$4*C51 -> 1968955.5 | Q51: =+K51 -> 110000 | R51: =+Q51+P51 -> 2078955.5 | S51: =+(R51/2)/15*12 -> 831582.19 | T51: =+'[1]ANEXO ECONOMICO MODIFICACION 3'!N60 -> 90446.5 | U51: =SUM(S51:T51) -> 922028.69 | V51: =+(U51)-(Q51/2) -> 867028.69
B52: Juzgado Puerto Rondon | C52: 1 | D52: =+$C$4 -> 1470900 | E52: =+ROUND((D52*$C$7),0) -> 147090 | F52: =ROUND((+E52+D52),0) -> 1617990 | G52: =+ROUND((F52*10%),0) -> 161799 | H52: =ROUND((E52*19%),0) -> 27947 | I52: =+F52+H52 -> 1645937 | J52: =+I52*C52 -> 1645937 | K52: =+$E$4*C52 -> 110000 | L52: =+J52/30*12 -> 658374.8 | M52: =+K52/30*12 -> 44000 | N52: =+K52/30*15 -> 55000 | O52: =+J52/30*15 -> 822968.5 | P52: =+$D$4*C52 -> 1968955.5 | Q52: =+K52 -> 110000 | R52: =+Q52+P52 -> 2078955.5 | S52: =+(R52/2)/15*12 -> 831582.19 | T52: =+'[1]ANEXO ECONOMICO MODIFICACION 3'!N61 -> 90446.5 | U52: =SUM(S52:T52) -> 922028.69 | V52: =+(U52)-(Q52/2) -> 867028.69
B53: Juzgado Arauquita | C53: 1 | D53: =+$C$4 -> 1470900 | E53: =+ROUND((D53*$C$7),0) -> 147090 | F53: =ROUND((+E53+D53),0) -> 1617990 | G53: =+ROUND((F53*10%),0) -> 161799 | H53: =ROUND((E53*19%),0) -> 27947 | I53: =+F53+H53 -> 1645937 | J53: =+I53*C53 -> 1645937 | K53: =+$E$4*C53 -> 110000 | L53: =+J53/30*12 -> 658374.8 | M53: =+K53/30*12 -> 44000 | N53: =+K53/30*15 -> 55000 | O53: =+J53/30*15 -> 822968.5 | P53: =+$D$4*C53 -> 1968955.5 | Q53: =+K53 -> 110000 | R53: =+Q53+P53 -> 2078955.5 | S53: =+(R53/2)/15*12 -> 831582.19 | T53: =+'[1]ANEXO ECONOMICO MODIFICACION 3'!N62 -> 90446.5 | U53: =SUM(S53:T53) -> 922028.69 | V53: =+(U53)-(Q53/2) -> 867028.69
A54: Municipios 3*3 | B54: Cubara | C54: 1 | D54: =+$C$6 -> 574516 | E54: =+ROUND((D54*$C$7),0) -> 57452 | F54: =ROUND((+E54+D54),0) -> 631968 | G54: =+ROUND((F54*10%),0) -> 63197 | H54: =ROUND((E54*19%),0) -> 10916 | I54: =+F54+H54 -> 642884 | J54: =+I54*C54 -> 642884 | K54: =+$E$6*C54 -> 100000 | L54: =+J54/30*12 -> 257153.6 | M54: =+K54/30*12 -> 40000 | N54: =+K54/30*15 -> 50000 | O54: =+J54/30*15 -> 321442 | P54: =+$D$6*C54 -> 794464.26 | Q54: =+K54 -> 100000 | R54: =+Q54+P54 -> 894464.26 | S54: =+(R54/2)/15*12 -> 357785.71 | T54: =+(R54/2)/15*3 -> 89446.426 | U54: =SUM(S54:T54) -> 447232.13 | V54: =+(U54)-(Q54/2) -> 397232.13
B55: Bochalema | C55: 1 | D55: =+$C$6 -> 574516 | E55: =+ROUND((D55*$C$7),0) -> 57452 | F55: =ROUND((+E55+D55),0) -> 631968 | G55: =+ROUND((F55*10%),0) -> 63197 | H55: =ROUND((E55*19%),0) -> 10916 | I55: =+F55+H55 -> 642884 | J55: =+I55*C55 -> 642884 | K55: =+$E$6*C55 -> 100000 | L55: =+J55/30*12 -> 257153.6 | M55: =+K55/30*12 -> 40000 | N55: =+K55/30*15 -> 50000 | O55: =+J55/30*15 -> 321442 | P55: =+$D$6*C55 -> 794464.26 | Q55: =+K55 -> 100000 | R55: =+Q55+P55 -> 894464.26 | S55: =+(R55/2)/15*12 -> 357785.71 | T55: =+(R55/2)/15*3 -> 89446.426 | U55: =SUM(S55:T55) -> 447232.13 | V55: =+(U55)-(Q55/2) -> 397232.13
B56: Zulia | C56: 1 | D56: =+$C$6 -> 574516 | E56: =+ROUND((D56*$C$7),0) -> 57452 | F56: =ROUND((+E56+D56),0) -> 631968 | G56: =+ROUND((F56*10%),0) -> 63197 | H56: =ROUND((E56*19%),0) -> 10916 | I56: =+F56+H56 -> 642884 | J56: =+I56*C56 -> 642884 | K56: =+$E$6*C56 -> 100000 | L56: =+J56/30*12 -> 257153.6 | M56: =+K56/30*12 -> 40000 | N56: =+K56/30*15 -> 50000 | O56: =+J56/30*15 -> 321442 | P56: =+$D$6*C56 -> 794464.26 | Q56: =+K56 -> 100000 | R56: =+Q56+P56 -> 894464.26 | S56: =+(R56/2)/15*12 -> 357785.71 | T56: =+(R56/2)/15*3 -> 89446.426 | U56: =SUM(S56:T56) -> 447232.13 | V56: =+(U56)-(Q56/2) -> 397232.13
B57: Tibu | C57: 1 | D57: =+$C$6 -> 574516 | E57: =+ROUND((D57*$C$7),0) -> 57452 | F57: =ROUND((+E57+D57),0) -> 631968 | G57: =+ROUND((F57*10%),0) -> 63197 | H57: =ROUND((E57*19%),0) -> 10916 | I57: =+F57+H57 -> 642884 | J57: =+I57*C57 -> 642884 | K57: =+$E$6*C57 -> 100000 | L57: =+J57/30*12 -> 257153.6 | M57: =+K57/30*12 -> 40000 | N57: =+K57/30*15 -> 50000 | O57: =+J57/30*15 -> 321442 | P57: =+$D$6*C57 -> 794464.26 | Q57: =+K57 -> 100000 | R57: =+Q57+P57 -> 894464.26 | S57: =+(R57/2)/15*12 -> 357785.71 | T57: =+(R57/2)/15*3 -> 89446.426 | U57: =SUM(S57:T57) -> 447232.13 | V57: =+(U57)-(Q57/2) -> 397232.13
B58: Puerto santander | C58: 1 | D58: =+$C$6 -> 574516 | E58: =+ROUND((D58*$C$7),0) -> 57452 | F58: =ROUND((+E58+D58),0) -> 631968 | G58: =+ROUND((F58*10%),0) -> 63197 | H58: =ROUND((E58*19%),0) -> 10916 | I58: =+F58+H58 -> 642884 | J58: =+I58*C58 -> 642884 | K58: =+$E$6*C58 -> 100000 | L58: =+J58/30*12 -> 257153.6 | M58: =+K58/30*12 -> 40000 | N58: =+K58/30*15 -> 50000 | O58: =+J58/30*15 -> 321442 | P58: =+$D$6*C58 -> 794464.26 | Q58: =+K58 -> 100000 | R58: =+Q58+P58 -> 894464.26 | S58: =+(R58/2)/15*12 -> 357785.71 | T58: =+(R58/2)/15*3 -> 89446.426 | U58: =SUM(S58:T58) -> 447232.13 | V58: =+(U58)-(Q58/2) -> 397232.13
B59: Chitaga | C59: 1 | D59: =+$C$6 -> 574516 | E59: =+ROUND((D59*$C$7),0) -> 57452 | F59: =ROUND((+E59+D59),0) -> 631968 | G59: =+ROUND((F59*10%),0) -> 63197 | H59: =ROUND((E59*19%),0) -> 10916 | I59: =+F59+H59 -> 642884 | J59: =+I59*C59 -> 642884 | K59: =+$E$6*C59 -> 100000 | L59: =+J59/30*12 -> 257153.6 | M59: =+K59/30*12 -> 40000 | N59: =+K59/30*15 -> 50000 | O59: =+J59/30*15 -> 321442 | P59: =+$D$6*C59 -> 794464.26 | Q59: =+K59 -> 100000 | R59: =+Q59+P59 -> 894464.26 | S59: =+(R59/2)/15*12 -> 357785.71 | T59: =+(R59/2)/15*3 -> 89446.426 | U59: =SUM(S59:T59) -> 447232.13 | V59: =+(U59)-(Q59/2) -> 397232.13
B60: Ragonvalia | C60: 1 | D60: =+$C$6 -> 574516 | E60: =+ROUND((D60*$C$7),0) -> 57452 | F60: =ROUND((+E60+D60),0) -> 631968 | G60: =+ROUND((F60*10%),0) -> 63197 | H60: =ROUND((E60*19%),0) -> 10916 | I60: =+F60+H60 -> 642884 | J60: =+I60*C60 -> 642884 | K60: =+$E$6*C60 -> 100000 | L60: =+J60/30*12 -> 257153.6 | M60: =+K60/30*12 -> 40000 | N60: =+K60/30*15 -> 50000 | O60: =+J60/30*15 -> 321442 | P60: =+$D$6*C60 -> 794464.26 | Q60: =+K60 -> 100000 | R60: =+Q60+P60 -> 894464.26 | S60: =+(R60/2)/15*12 -> 357785.71 | T60: =+(R60/2)/15*3 -> 89446.426 | U60: =SUM(S60:T60) -> 447232.13 | V60: =+(U60)-(Q60/2) -> 397232.13
B61: Herran | C61: 1 | D61: =+$C$6 -> 574516 | E61: =+ROUND((D61*$C$7),0) -> 57452 | F61: =ROUND((+E61+D61),0) -> 631968 | G61: =+ROUND((F61*10%),0) -> 63197 | H61: =ROUND((E61*19%),0) -> 10916 | I61: =+F61+H61 -> 642884 | J61: =+I61*C61 -> 642884 | K61: =+$E$6*C61 -> 100000 | L61: =+J61/30*12 -> 257153.6 | M61: =+K61/30*12 -> 40000 | N61: =+K61/30*15 -> 50000 | O61: =+J61/30*15 -> 321442 | P61: =+$D$6*C61 -> 794464.26 | Q61: =+K61 -> 100000 | R61: =+Q61+P61 -> 894464.26 | S61: =+(R61/2)/15*12 -> 357785.71 | T61: =+(R61/2)/15*3 -> 89446.426 | U61: =SUM(S61:T61) -> 447232.13 | V61: =+(U61)-(Q61/2) -> 397232.13
B62: Gramalote | C62: 1 | D62: =+$C$6 -> 574516 | E62: =+ROUND((D62*$C$7),0) -> 57452 | F62: =ROUND((+E62+D62),0) -> 631968 | G62: =+ROUND((F62*10%),0) -> 63197 | H62: =ROUND((E62*19%),0) -> 10916 | I62: =+F62+H62 -> 642884 | J62: =+I62*C62 -> 642884 | K62: =+$E$6*C62 -> 100000 | L62: =+J62/30*12 -> 257153.6 | M62: =+K62/30*12 -> 40000 | N62: =+K62/30*15 -> 50000 | O62: =+J62/30*15 -> 321442 | P62: =+$D$6*C62 -> 794464.26 | Q62: =+K62 -> 100000 | R62: =+Q62+P62 -> 894464.26 | S62: =+(R62/2)/15*12 -> 357785.71 | T62: =+(R62/2)/15*3 -> 89446.426 | U62: =SUM(S62:T62) -> 447232.13 | V62: =+(U62)-(Q62/2) -> 397232.13
B63: Labateca | C63: 1 | D63: =+$C$6 -> 574516 | E63: =+ROUND((D63*$C$7),0) -> 57452 | F63: =ROUND((+E63+D63),0) -> 631968 | G63: =+ROUND((F63*10%),0) -> 63197 | H63: =ROUND((E63*19%),0) -> 10916 | I63: =+F63+H63 -> 642884 | J63: =+I63*C63 -> 642884 | K63: =+$E$6*C63 -> 100000 | L63: =+J63/30*12 -> 257153.6 | M63: =+K63/30*12 -> 40000 | N63: =+K63/30*15 -> 50000 | O63: =+J63/30*15 -> 321442 | P63: =+$D$6*C63 -> 794464.26 | Q63: =+K63 -> 100000 | R63: =+Q63+P63 -> 894464.26 | S63: =+(R63/2)/15*12 -> 357785.71 | T63: =+(R63/2)/15*3 -> 89446.426 | U63: =SUM(S63:T63) -> 447232.13 | V63: =+(U63)-(Q63/2) -> 397232.13
B64: Sardinata | C64: 1 | D64: =+$C$6 -> 574516 | E64: =+ROUND((D64*$C$7),0) -> 57452 | F64: =ROUND((+E64+D64),0) -> 631968 | G64: =+ROUND((F64*10%),0) -> 63197 | H64: =ROUND((E64*19%),0) -> 10916 | I64: =+F64+H64 -> 642884 | J64: =+I64*C64 -> 642884 | K64: =+$E$6*C64 -> 100000 | L64: =+J64/30*12 -> 257153.6 | M64: =+K64/30*12 -> 40000 | N64: =+K64/30*15 -> 50000 | O64: =+J64/30*15 -> 321442 | P64: =+$D$6*C64 -> 794464.26 | Q64: =+K64 -> 100000 | R64: =+Q64+P64 -> 894464.26 | S64: =+(R64/2)/15*12 -> 357785.71 | T64: =+(R64/2)/15*3 -> 89446.426 | U64: =SUM(S64:T64) -> 447232.13 | V64: =+(U64)-(Q64/2) -> 397232.13
B65: Villa Caro | C65: 1 | D65: =+$C$6 -> 574516 | E65: =+ROUND((D65*$C$7),0) -> 57452 | F65: =ROUND((+E65+D65),0) -> 631968 | G65: =+ROUND((F65*10%),0) -> 63197 | H65: =ROUND((E65*19%),0) -> 10916 | I65: =+F65+H65 -> 642884 | J65: =+I65*C65 -> 642884 | K65: =+$E$6*C65 -> 100000 | L65: =+J65/30*12 -> 257153.6 | M65: =+K65/30*12 -> 40000 | N65: =+K65/30*15 -> 50000 | O65: =+J65/30*15 -> 321442 | P65: =+$D$6*C65 -> 794464.26 | Q65: =+K65 -> 100000 | R65: =+Q65+P65 -> 894464.26 | S65: =+(R65/2)/15*12 -> 357785.71 | T65: =+(R65/2)/15*3 -> 89446.426 | U65: =SUM(S65:T65) -> 447232.13 | V65: =+(U65)-(Q65/2) -> 397232.13
B66: Cacota | C66: 1 | D66: =+$C$6 -> 574516 | E66: =+ROUND((D66*$C$7),0) -> 57452 | F66: =ROUND((+E66+D66),0) -> 631968 | G66: =+ROUND((F66*10%),0) -> 63197 | H66: =ROUND((E66*19%),0) -> 10916 | I66: =+F66+H66 -> 642884 | J66: =+I66*C66 -> 642884 | K66: =+$E$6*C66 -> 100000 | L66: =+J66/30*12 -> 257153.6 | M66: =+K66/30*12 -> 40000 | N66: =+K66/30*15 -> 50000 | O66: =+J66/30*15 -> 321442 | P66: =+$D$6*C66 -> 794464.26 | Q66: =+K66 -> 100000 | R66: =+Q66+P66 -> 894464.26 | S66: =+(R66/2)/15*12 -> 357785.71 | T66: =+(R66/2)/15*3 -> 89446.426 | U66: =SUM(S66:T66) -> 447232.13 | V66: =+(U66)-(Q66/2) -> 397232.13
... B87: TOLEDO | C87: 1 | D87: =+$C$6 -> 574516 | E87: =+ROUND((D87*$C$7),0) -> 57452 | F87: =ROUND((+E87+D87),0) -> 631968 | G87: =+ROUND((F87*10%),0) -> 63197 | H87: =ROUND((E87*19%),0) -> 10916 | I87: =+F87+H87 -> 642884 | J87: =+I87*C87 -> 642884 | K87: =+$E$6*C87 -> 100000 | L87: =+J87/30*12 -> 257153.6 | M87: =+K87/30*12 -> 40000 | N87: =+K87/30*15 -> 50000 | O87: =+J87/30*15 -> 321442 | P87: =+$D$6*C87 -> 794464.26 | Q87: =+K87 -> 100000 | R87: =+Q87+P87 -> 894464.26 | S87: =+(R87/2)/15*12 -> 357785.71 | T87: =+(R87/2)/15*3 -> 89446.426 | U87: =SUM(S87:T87) -> 447232.13 | V87: =+(U87)-(Q87/2) -> 397232.13
J88: =SUM(J13:J87) -> 188619044 | K88: =SUM(K13:K87) -> 12520000 | L88: =SUM(L13:M87) -> 80455618 | N88: =SUM(N13:O87) -> 1.7885236e+08 | P88: =SUM(P13:P87) -> 2.2701356e+08 | Q88: =+K88 -> 12520000 | R88: =+Q88+P88 -> 2.3953356e+08 | S88: =SUM(S13:S87) -> 1.8894006e+08 | T88: =SUM(T13:T87) -> 20912183 | U88: =SUM(U13:U87) -> 2.0985224e+08 | V88: =SUM(V13:V87) -> 1.9963724e+08
O89: 64148872
R105: =+R103*5.13 -> 0

Sheet ANEXO ECONOMICO MODIFICACION 3
C2: SALARIOS 2025 | D2: SALARIOS 2026 | E2: INSUMOS
B3: TIEMPO COMPLETO | C3: =+'[1]Costos Operarios'!C33 -> 2576000 | D3: =+'[1]Costos Operarios'!H33 -> 3090545 | E3: 200000 | F3: =D3-D4 -> 1330978
B4: MEDIO TIEMPO | C4: =+'[1]Costos Operarios'!D33 -> 1470900 | D4: =+'[1]Costos Operarios'!I33 -> 1759567 | E4: 110000
B5: COORDINADOR | C5: 0 | E5: 0
B6: 3 HORAS 3 DIAS A LA SEMANA | C6: 574516 | D6: =+'[1]Costos Operarios'!J33 -> 709977 | E6: 100000
B7: AIU (%) | C7: 0.1
A10: CONDICIONES ACTUALES DEL CONTRATO - COSTO MENSUAL POR OPERARIO DE CONFORMIDAD A LA MODIFICACION 2 | Q10: CONDICIONES CONTRATO CON LA MODIFICACION 3 | S10: COSTO MES OPERARIO + 2.4% INCREMENTO | T10: IMPLEMENTOS | U10: TOTAL COSTO MES MAS IMPLEMENTOS | V10: VALOR DEL 01/ENE/2023 AL 30/JUN/2023
A11: MUNICIPIOS | B11: UBICACIÓN | C11: Cantidad | D11: Costo | E11: AIU (%) | F11: Subtotal | G11: Base Gravable | H11: IVA (19%) | I11: TOTAL | J11: Total Costo Mensual por operario | K11: ENERO 2026 | N11: FEBRERO 2026 | O11: MARZO 2026 | P11: ABIRL 2026 | Q11: MAYO 2026 | R11: JUNIO 2026
K12: 27 | L12: 3 | M12: Total | N12: (MES COMPLETO) | O12: 30 | P12: (MES COMPLETO) | Q12: (MES COMPLETO) | R12: (MES COMPLETO)
A13: CUCUTA | B13: Palacio Justicia Cúcuta torre A (PISO No 1) | C13: 1 | D13: =+D3 -> 3090545 | E13: =+ROUND((D13*$C$7),0) -> 309055 | F13: =+E13+D13 -> 3399600 | G13: =+ROUND((F13*10%),0) -> 339960 | H13: =ROUND((E13*19%),0) -> 58720 | I13: =+H13+F13 -> 3458320 | J13: =+I13*C13 -> 3458320 | K13: =+('ANEXO ECONOMICO nov, dic y ener'!D3/30)*27 -> 3112487.9 | L13: =+J13/30*3 -> 345832 | M13: =SUM(K13:L13) -> 3458319.9 | N13: =SUM($J13) -> 3458320 | O13: =+J13/30*O12 -> 3458320 | P13: =SUM($J13) -> 3458320 | Q13: =+P13 -> 3458320 | R13: =+P13 -> 3458320 | S13: =ROUND((#REF!+(#REF!*$D$13)),0) -> #REF! | T13: =+#REF! -> #REF! | U13: =S13+T13 -> #REF! | V13: =+U13*6 -> #REF! | W13: =+V13+#REF! -> #REF!
C14: 1 | D14: =+D4 -> 1759567 | E14: =+ROUND((D14*$C$7),0) -> 175957 | F14: =+E14+D14 -> 1935524 | G14: =+ROUND((F14*10%),0) -> 193552 | H14: =ROUND((E14*19%),0) -> 33432 | I14: =+H14+F14 -> 1968956 | J14: =+I14*C14 -> 1968956 | K14: =+'ANEXO ECONOMICO nov, dic y ener'!D3/30*27 -> 3112487.9 | L14: =+J14/30*3 -> 196895.6 | M14: =SUM(K14:L14) -> 3309383.5 | N14: =SUM($J14) -> 1968956 | O14: =+J14/30*O12 -> 1968956 | P14: =SUM($J14) -> 1968956 | Q14: =SUM($J13) -> 3458320 | R14: =SUM($J13) -> 3458320
B15: Palacio Justicia Cúcuta torre A (PISO No 2) | C15: 1 | D15: =+D3 -> 3090545 | E15: =+ROUND((D15*$C$7),0) -> 309055 | F15: =+E15+D15 -> 3399600 | G15: =+ROUND((F15*10%),0) -> 339960 | H15: =ROUND((E15*19%),0) -> 58720 | I15: =+H15+F15 -> 3458320 | J15: =+I15*C15 -> 3458320 | K15: =+$K$13 -> 3112487.9 | L15: =+J15/30*3 -> 345832 | M15: =SUM(K15:L15) -> 3458319.9 | N15: =SUM($J15) -> 3458320 | O15: =+J15/30*O12 -> 3458320 | P15: =SUM($J15) -> 3458320 | Q15: =+P15 -> 3458320 | R15: =+P15 -> 3458320 | S15: =ROUND((#REF!+(#REF!*$D$13)),0) -> #REF! | T15: =+#REF! -> #REF! | U15: =S15+T15 -> #REF! | V15: =+U15*6 -> #REF! | W15: =+V15+#REF! -> #REF!
C16: 1 | D16: =+D4 -> 1759567 | E16: =+ROUND((D16*$C$7),0) -> 175957 | F16: =+E16+D16 -> 1935524 | G16: =+ROUND((F16*10%),0) -> 193552 | H16: =ROUND((E16*19%),0) -> 33432 | I16: =+H16+F16 -> 1968956 | J16: =+I16*C16 -> 1968956 | K16: =+$K$13 -> 3112487.9 | L16: =+J16/30*3 -> 196895.6 | M16: =SUM(K16:L16) -> 3309383.5 | N16: =SUM($J16) -> 1968956 | O16: =+J16/30*O12 -> 1968956 | P16: =SUM($J16) -> 1968956 | Q16: =+P16 -> 1968956 | R16: =+P16 -> 1968956
B17: Palacio Justicia Cúcuta torre A (PISO No 3) | C17: 1 | D17: =+D3 -> 3090545 | E17: =+ROUND((D17*$C$7),0) -> 309055 | F17: =+E17+D17 -> 3399600 | G17: =+ROUND((F17*10%),0) -> 339960 | H17: =ROUND((E17*19%),0) -> 58720 | I17: =+H17+F17 -> 3458320 | J17: =+I17*C17 -> 3458320 | K17: =+$K$13 -> 3112487.9 | L17: =+J17/30*3 -> 345832 | M17: =SUM(K17:L17) -> 3458319.9 | N17: =SUM($J17) -> 3458320 | O17: =+J17/30*O12 -> 3458320 | P17: =SUM($J17) -> 3458320 | Q17: =+P17 -> 3458320 | R17: =+P17 -> 3458320 | S17: =ROUND((#REF!+(#REF!*$D$13)),0) -> #REF! | T17: =+#REF! -> #REF! | U17: =S17+T17 -> #REF! | V17: =+U17*6 -> #REF! | W17: =+V17+#REF! -> #REF!
C18: 1 | D18: =+D4 -> 1759567 | E18: =+ROUND((D18*$C$7),0) -> 175957 | F18: =+E18+D18 -> 1935524 | G18: =+ROUND((F18*10%),0) -> 193552 | H18: =ROUND((E18*19%),0) -> 33432 | I18: =+H18+F18 -> 1968956 | J18: =+I18*C18 -> 1968956 | K18: =+$K$13 -> 3112487.9 | L18: =+J18/30*3 -> 196895.6 | M18: =SUM(K18:L18) -> 3309383.5 | N18: =SUM($J18) -> 1968956 | O18: =+J18/30*O12 -> 1968956 | P18: =SUM($J18) -> 1968956 | Q18: =+P18 -> 1968956 | R18: =+P18 -> 1968956
B19: Palacio Justicia Cúcuta torre A (PISO No 4) | C19: 1 | D19: =+D3 -> 3090545 | E19: =+ROUND((D19*$C$7),0) -> 309055 | F19: =+E19+D19 -> 3399600 | G19: =+ROUND((F19*10%),0) -> 339960 | H19: =ROUND((E19*19%),0) -> 58720 | I19: =+H19+F19 -> 3458320 | J19: =+I19*C19 -> 3458320 | K19: =+$K$13 -> 3112487.9 | L19: =+J19/30*3 -> 345832 | M19: =SUM(K19:L19) -> 3458319.9 | N19: =SUM($J19) -> 3458320 | O19: =+J19/30*O12 -> 3458320 | P19: =SUM($J19) -> 3458320 | Q19: =+P19 -> 3458320 | R19: =+P19 -> 3458320 | S19: =ROUND((#REF!+(#REF!*$D$13)),0) -> #REF! | T19: =+#REF! -> #REF! | U19: =S19+T19 -> #REF! | V19: =+U19*6 -> #REF! | W19: =+V19+#REF! -> #REF!
C20: 1 | D20: =+D4 -> 1759567 | E20: =+ROUND((D20*$C$7),0) -> 175957 | F20: =+E20+D20 -> 1935524 | G20: =+ROUND((F20*10%),0) -> 193552 | H20: =ROUND((E20*19%),0) -> 33432 | I20: =+H20+F20 -> 1968956 | J20: =+I20*C20 -> 1968956 | K20: =+$K$13 -> 3112487.9 | L20: =+J20/30*3 -> 196895.6 | M20: =SUM(K20:L20) -> 3309383.5 | N20: =SUM($J20) -> 1968956 | O20: =+J20/30*O12 -> 1968956 | P20: =SUM($J20) -> 1968956 | Q20: =+P20 -> 1968956 | R20: =+P20 -> 1968956
B21: Palacio Justicia Cúcuta torre B (PISO 1 y 2) | C21: 1 | D21: =+D3 -> 3090545 | E21: =+ROUND((D21*$C$7),0) -> 309055 | F21: =+E21+D21 -> 3399600 | G21: =+ROUND((F21*10%),0) -> 339960 | H21: =ROUND((E21*19%),0) -> 58720 | I21: =+H21+F21 -> 3458320 | J21: =+I21*C21 -> 3458320 | K21: =+$K$13 -> 3112487.9 | L21: =+J21/30*3 -> 345832 | M21: =SUM(K21:L21) -> 3458319.9 | N21: =SUM($J21) -> 3458320 | O21: =+J21/30*O12 -> 3458320 | P21: =SUM($J21) -> 3458320 | Q21: =+P21 -> 3458320 | R21: =+P21 -> 3458320 | S21: =ROUND((#REF!+(#REF!*$D$13)),0) -> #REF! | T21: =+#REF! -> #REF! | U21: =S21+T21 -> #REF! | V21: =+U21*6 -> #REF! | W21: =+V21+#REF! -> #REF!
B22: Palacio Justicia Cúcuta torre C (PISO 1) | C22: 1 | D22: =+D3 -> 3090545 | E22: =+ROUND((D22*$C$7),0) -> 309055 | F22: =+E22+D22 -> 3399600 | G22: =+ROUND((F22*10%),0) -> 339960 | H22: =ROUND((E22*19%),0) -> 58720 | I22: =+H22+F22 -> 3458320 | J22: =+I22*C22 -> 3458320 | K22: =+$K$13 -> 3112487.9 | L22: =+J22/30*3 -> 345832 | M22: =SUM(K22:L22) -> 3458319.9 | N22: =SUM($J22) -> 3458320 | O22: =+J22/30*O12 -> 3458320 | P22: =SUM($J22) -> 3458320 | Q22: =+P22 -> 3458320 | R22: =+P22 -> 3458320 | S22: =ROUND((#REF!+(#REF!*$D$13)),0) -> #REF! | T22: =+#REF! -> #REF! | U22: =S22+T22 -> #REF! | V22: =+U22*6 -> #REF! | W22: =+V22+#REF! -> #REF!
C23: 1 | D23: =+D4 -> 1759567 | E23: =+ROUND((D23*$C$7),0) -> 175957 | F23: =+E23+D23 -> 1935524 | G23: =+ROUND((F23*10%),0) -> 193552 | H23: =ROUND((E23*19%),0) -> 33432 | I23: =+H23+F23 -> 1968956 | J23: =+I23*C23 -> 1968956 | K23: =+$K$13 -> 3112487.9 | L23: =+J23/30*3 -> 196895.6 | M23: =SUM(K23:L23) -> 3309383.5 | N23: =SUM($J23) -> 1968956 | O23: =+J23/30*O12 -> 1968956 | P23: =SUM($J23) -> 1968956 | Q23: =+P23 -> 1968956 | R23: =+P23 -> 1968956
B24: Palacio Justicia Cúcuta torre C (PISO 2) | C24: 2 | D24: =+D3 -> 3090545 | E24: =+ROUND((D24*$C$7),0) -> 309055 | F24: =+E24+D24 -> 3399600 | G24: =+ROUND((F24*10%),0) -> 339960 | H24: =ROUND((E24*19%),0) -> 58720 | I24: =+H24+F24 -> 3458320 | J24: =+I24*C24 -> 6916640 | K24: =+$K$13*C24 -> 6224975.7 | L24: =+J24/30*3 -> 691664 | M24: =SUM(K24:L24) -> 6916639.7 | N24: =SUM($J24) -> 6916640 | O24: =+J24/30*O12 -> 6916640 | P24: =SUM($J24) -> 6916640 | Q24: =+P24 -> 6916640 | R24: =+P24 -> 6916640 | S24: =ROUND((#REF!+(#REF!*$D$13)),0) -> #REF! | T24: =+#REF! -> #REF! | U24: =S24+T24 -> #REF! | V24: =+U24*6 -> #REF! | W24: =+V24+#REF! -> #REF!
B25: Palacio Justicia Cúcuta torre C (PISO 3) | C25: 1 | D25: =+D3 -> 3090545 | E25: =+ROUND((D25*$C$7),0) -> 309055 | F25: =+E25+D25 -> 3399600 | G25: =+ROUND((F25*10%),0) -> 339960 | H25: =ROUND((E25*19%),0) -> 58720 | I25: =+H25+F25 -> 3458320 | J25: =+I25*C25 -> 3458320 | K25: =+$K$13*C25 -> 3112487.9 | L25: =+J25/30*3 -> 345832 | M25: =SUM(K25:L25) -> 3458319.9 | N25: =SUM($J25) -> 3458320 | O25: =+J25/30*O12 -> 3458320 | P25: =SUM($J25) -> 3458320 | Q25: =+P25 -> 3458320 | R25: =+P25 -> 3458320 | S25: =ROUND((#REF!+(#REF!*$D$13)),0) -> #REF! | T25: =+#REF! -> #REF! | U25: =S25+T25 -> #REF! | V25: =+U25*6 -> #REF! | W25: =+V25+#REF! -> #REF!
C26: 1 | D26: =+D4 -> 1759567 | E26: =+ROUND((D26*$C$7),0) -> 175957 | F26: =+E26+D26 -> 1935524 | G26: =+ROUND((F26*10%),0) -> 193552 | H26: =ROUND((E26*19%),0) -> 33432 | I26: =+H26+F26 -> 1968956 | J26: =+I26*C26 -> 1968956 | K26: =+$K$13*C26 -> 3112487.9 | L26: =+J26/30*3 -> 196895.6 | M26: =SUM(K26:L26) -> 3309383.5 | N26: =SUM($J26) -> 1968956 | O26: =+J26/30*O12 -> 1968956 | P26: =SUM($J26) -> 1968956 | Q26: =SUM($J25) -> 3458320 | R26: =SUM($J25) -> 3458320
B27: Palacio Justicia Cúcuta torre C (PISO 4) | C27: 2 | D27: =+D3 -> 3090545 | E27: =+ROUND((D27*$C$7),0) -> 309055 | F27: =+E27+D27 -> 3399600 | G27: =+ROUND((F27*10%),0) -> 339960 | H27: =ROUND((E27*19%),0) -> 58720 | I27: =+H27+F27 -> 3458320 | J27: =+I27*C27 -> 6916640 | K27: =+$K$13*C27 -> 6224975.7 | L27: =+J27/30*3 -> 691664 | M27: =SUM(K27:L27) -> 6916639.7 | N27: =SUM($J27) -> 6916640 | O27: =+J27/30*O12 -> 6916640 | P27: =SUM($J27) -> 6916640 | Q27: =+P27 -> 6916640 | R27: =+P27 -> 6916640 | S27: =ROUND((#REF!+(#REF!*$D$13)),0) -> #REF! | T27: =+#REF! -> #REF! | U27: =S27+T27 -> #REF! | V27: =+U27*6 -> #REF! | W27: =+V27+#REF! -> #REF!
B28: Palacio Justicia Cúcuta torre C (Sotanos y archivos) | C28: 1 | D28: =+D3 -> 3090545 | E28: =+ROUND((D28*$C$7),0) -> 309055 | F28: =+E28+D28 -> 3399600 | G28: =+ROUND((F28*10%),0) -> 339960 | H28: =ROUND((E28*19%),0) -> 58720 | I28: =+H28+F28 -> 3458320 | J28: =+I28*C28 -> 3458320 | K28: =+$K$13*C28 -> 3112487.9 | L28: =+J28/30*3 -> 345832 | M28: =SUM(K28:L28) -> 3458319.9 | N28: =SUM($J28) -> 3458320 | O28: =+J28/30*O12 -> 3458320 | P28: =SUM($J28) -> 3458320 | Q28: =+P28 -> 3458320 | R28: =+P28 -> 3458320 | S28: =ROUND((#REF!+(#REF!*$D$13)),0) -> #REF! | T28: =+#REF! -> #REF! | U28: =S28+T28 -> #REF! | V28: =+U28*6 -> #REF! | W28: =+V28+#REF! -> #REF!
B29: SEDE CESPA | C29: 1 | D29: =+D3 -> 3090545 | E29: =+ROUND((D29*$C$7),0) -> 309055 | F29: =+E29+D29 -> 3399600 | G29: =+ROUND((F29*10%),0) -> 339960 | H29: =ROUND((E29*19%),0) -> 58720 | I29: =+H29+F29 -> 3458320 | J29: =+I29*C29 -> 3458320 | K29: =+$K$13*C29 -> 3112487.9 | L29: =+J29/30*3 -> 345832 | M29: =SUM(K29:L29) -> 3458319.9 | N29: =SUM($J29) -> 3458320 | O29: =+J29/30*O12 -> 3458320 | P29: =SUM($J29) -> 3458320 | Q29: =+P29 -> 3458320 | R29: =+P29 -> 3458320 | S29: =ROUND((#REF!+(#REF!*$D$13)),0) -> #REF! | T29: =+#REF! -> #REF! | U29: =S29+T29 -> #REF! | V29: =+U29*6 -> #REF! | W29: =+V29+#REF! -> #REF!
B30: JUZGADO BANCO DE BOGOTA | C30: 1 | D30: =+D4 -> 1759567 | E30: =+ROUND((D30*$C$7),0) -> 175957 | F30: =+E30+D30 -> 1935524 | G30: =+ROUND((F30*10%),0) -> 193552 | H30: =ROUND((E30*19%),0) -> 33432 | I30: =+H30+F30 -> 1968956 | J30: =+I30*C30 -> 1968956 | K30: =+$K$13*C30 -> 3112487.9 | L30: =+J30/30*3 -> 196895.6 | M30: =SUM(K30:L30) -> 3309383.5 | N30: =SUM($J30) -> 1968956 | O30: =+J30/30*O12 -> 1968956 | P30: =SUM($J30) -> 1968956 | Q30: =+P30 -> 1968956 | R30: =+P30 -> 1968956 | S30: =ROUND((#REF!+(#REF!*$D$13)),0) -> #REF! | T30: =+#REF! -> #REF! | U30: =S30+T30 -> #REF! | V30: =+U30*6 -> #REF! | W30: =+V30+#REF! -> #REF!
B31: JUZGADOS ATALAYA | C31: 1 | D31: =+D4 -> 1759567 | E31: =+ROUND((D31*$C$7),0) -> 175957 | F31: =+E31+D31 -> 1935524 | G31: =+ROUND((F31*10%),0) -> 193552 | H31: =ROUND((E31*19%),0) -> 33432 | I31: =+H31+F31 -> 1968956 | J31: =+I31*C31 -> 1968956 | K31: =+$K$13*C31 -> 3112487.9 | L31: =+J31/30*3 -> 196895.6 | M31: =SUM(K31:L31) -> 3309383.5 | N31: =SUM($J31) -> 1968956 | O31: =+J31/30*O12 -> 1968956 | P31: =SUM($J31) -> 1968956 | Q31: =+P31 -> 1968956 | R31: =+P31 -> 1968956 | S31: =ROUND((#REF!+(#REF!*$D$13)),0) -> #REF! | T31: =+#REF! -> #REF! | U31: =S31+T31 -> #REF! | V31: =+U31*6 -> #REF! | W31: =+V31+#REF! -> #REF!
B32: TEMIS | C32: 1 | D32: =+D3 -> 3090545 | E32: =+ROUND((D32*$C$7),0) -> 309055 | F32: =+E32+D32 -> 3399600 | G32: =+ROUND((F32*10%),0) -> 339960 | H32: =ROUND((E32*19%),0) -> 58720 | I32: =+H32+F32 -> 3458320 | J32: =+I32*C32 -> 3458320 | K32: =+$K$13*C32 -> 3112487.9 | L32: =+J32/30*3 -> 345832 | M32: =SUM(K32:L32) -> 3458319.9 | N32: =SUM($J32) -> 3458320 | O32: =+J32/30*O12 -> 3458320 | P32: =SUM($J32) -> 3458320 | Q32: =+P32 -> 3458320 | R32: =+P32 -> 3458320 | S32: =ROUND((#REF!+(#REF!*$D$13)),0) -> #REF! | T32: =+#REF! -> #REF! | U32: =S32+T32 -> #REF! | V32: =+U32*6 -> #REF! | W32: =+V32+#REF! -> #REF!
C33: 1 | D33: =+D4 -> 1759567 | E33: =+ROUND((D33*$C$7),0) -> 175957 | F33: =+E33+D33 -> 1935524 | G33: =+ROUND((F33*10%),0) -> 193552 | H33: =ROUND((E33*19%),0) -> 33432 | I33: =+H33+F33 -> 1968956 | J33: =+I33*C33 -> 1968956 | K33: =+$K$13*C33 -> 3112487.9 | L33: =+J33/30*3 -> 196895.6 | M33: =SUM(K33:L33) -> 3309383.5 | N33: =SUM($J33) -> 1968956 | O33: =+J33/30*O12 -> 1968956 | P33: =SUM($J33) -> 1968956 | Q33: =+P33 -> 1968956 | R33: =+P33 -> 1968956
B34: EDIFICIO LEYDI | C34: 1 | D34: =+D3 -> 3090545 | E34: =+ROUND((D34*$C$7),0) -> 309055 | F34: =+E34+D34 -> 3399600 | G34: =+ROUND((F34*10%),0) -> 339960 | H34: =ROUND((E34*19%),0) -> 58720 | I34: =+H34+F34 -> 3458320 | J34: =+I34*C34 -> 3458320 | K34: =+$K$13*C34 -> 3112487.9 | L34: =+J34/30*3 -> 345832 | M34: =SUM(K34:L34) -> 3458319.9 | N34: =SUM($J34) -> 3458320 | O34: =+J34/30*O12 -> 3458320 | P34: =SUM($J34) -> 3458320 | Q34: =+P34 -> 3458320 | R34: =+P34 -> 3458320 | S34: =ROUND((#REF!+(#REF!*$D$13)),0) -> #REF! | T34: =+#REF! -> #REF! | U34: =S34+T34 -> #REF! | V34: =+U34*6 -> #REF! | W34: =+V34+#REF! -> #REF!
B35: MANTENIMIENTO CON ALTURAS | C35: 5 | D35: =+D3 -> 3090545 | E35: =+ROUND((D35*$C$7),0) -> 309055 | F35: =+E35+D35 -> 3399600 | G35: =+ROUND((F35*10%),0) -> 339960 | H35: =ROUND((E35*19%),0) -> 58720 | I35: =+H35+F35 -> 3458320 | J35: =+I35*C35 -> 17291600 | K35: =+$K$13*6 -> 18674927 | L35: =+J35/30*3 -> 1729160 | M35: =SUM(K35:L35) -> 20404087 | N35: =SUM($J35) -> 17291600 | O35: =+J35/30*O12 -> 17291600 | P35: =SUM($J35) -> 17291600 | Q35: =+P35 -> 17291600 | R35: =+P35 -> 17291600 | S35: =ROUND((#REF!+(#REF!*$D$13)),0) -> #REF! | T35: =+#REF! -> #REF! | U35: =S35+T35 -> #REF! | V35: =+U35*6 -> #REF! | W35: =+V35+#REF! -> #REF!
A36: PATIOS | B36: PALACIO DE JUSTICIA PATIOS | C36: 2 | D36: =+D3 -> 3090545 | E36: =+ROUND((D36*$C$7),0) -> 309055 | F36: =+E36+D36 -> 3399600 | G36: =+ROUND((F36*10%),0) -> 339960 | H36: =ROUND((E36*19%),0) -> 58720 | I36: =+H36+F36 -> 3458320 | J36: =+I36*C36 -> 6916640 | K36: =+$K$13*C36 -> 6224975.7 | L36: =+J36/30*3 -> 691664 | M36: =SUM(K36:L36) -> 6916639.7 | N36: =SUM($J36) -> 6916640 | O36: =+J36/30*O12 -> 6916640 | P36: =SUM($J36) -> 6916640 | Q36: =+P36 -> 6916640 | R36: =+P36 -> 6916640 | S36: =ROUND((#REF!+(#REF!*$D$13)),0) -> #REF! | T36: =+#REF! -> #REF! | U36: =S36+T36 -> #REF! | V36: =+U36*6 -> #REF! | W36: =+V36+#REF! -> #REF!
B37: MANTENIMIENTO CON ALTURAS | C37: 1 | D37: =+D3 -> 3090545 | E37: =+ROUND((D37*$C$7),0) -> 309055 | F37: =+E37+D37 -> 3399600 | G37: =+ROUND((F37*10%),0) -> 339960 | H37: =ROUND((E37*19%),0) -> 58720 | I37: =+H37+F37 -> 3458320 | J37: =+I37*C37 -> 3458320 | K37: =+$K$13*C37 -> 3112487.9 | L37: =+J37/30*3 -> 345832 | M37: =SUM(K37:L37) -> 3458319.9 | N37: =SUM($J37) -> 3458320 | O37: =+J37/30*O12 -> 3458320 | P37: =SUM($J37) -> 3458320 | Q37: =+P37 -> 3458320 | R37: =+P37 -> 3458320 | S37: =ROUND((#REF!+(#REF!*$D$13)),0) -> #REF! | T37: =+#REF! -> #REF! | U37: =S37+T37 -> #REF! | V37: =+U37*6 -> #REF! | W37: =+V37+#REF! -> #REF!
A38: PAMPLONA | B38: Palacio Justicia de Pamplona | C38: 2 | D38: =+D3 -> 3090545 | E38: =+ROUND((D38*$C$7),0) -> 309055 | F38: =+E38+D38 -> 3399600 | G38: =+ROUND((F38*10%),0) -> 339960 | H38: =ROUND((E38*19%),0) -> 58720 | I38: =+H38+F38 -> 3458320 | J38: =+I38*C38 -> 6916640 | K38: =+$K$13*C38 -> 6224975.7 | L38: =+J38/30*3 -> 691664 | M38: =SUM(K38:L38) -> 6916639.7 | N38: =SUM($J38) -> 6916640 | O38: =+J38/30*O12 -> 6916640 | P38: =SUM($J38) -> 6916640 | Q38: =+P38 -> 6916640 | R38: =+P38 -> 6916640 | S38: =ROUND((#REF!+(#REF!*$D$13)),0) -> #REF! | T38: =+#REF! -> #REF! | U38: =S38+T38 -> #REF! | V38: =+U38*6 -> #REF! | W38: =+V38+#REF! -> #REF!
B39: MANTENIMIENTO CON ALTURAS | C39: 1 | D39: =+D3 -> 3090545 | E39: =+ROUND((D39*$C$7),0) -> 309055 | F39: =+E39+D39 -> 3399600 | G39: =+ROUND((F39*10%),0) -> 339960 | H39: =ROUND((E39*19%),0) -> 58720 | I39: =+H39+F39 -> 3458320 | J39: =+I39*C39 -> 3458320 | K39: =+$K$13*C39 -> 3112487.9 | L39: =+J39/30*3 -> 345832 | M39: =SUM(K39:L39) -> 3458319.9 | N39: =SUM($J39) -> 3458320 | O39: =+J39/30*O12 -> 3458320 | P39: =SUM($J39) -> 3458320 | Q39: =+P39 -> 3458320 | R39: =+P39 -> 3458320 | S39: =ROUND((#REF!+(#REF!*$D$13)),0) -> #REF! | T39: =+#REF! -> #REF! | U39: =S39+T39 -> #REF! | V39: =+U39*6 -> #REF! | W39: =+V39+#REF! -> #REF!
A40: OCAÑA | B40: Palacio de Justicia de Ocaña | C40: 2 | D40: =+D3 -> 3090545 | E40: =+ROUND((D40*$C$7),0) -> 309055 | F40: =+E40+D40 -> 3399600 | G40: =+ROUND((F40*10%),0) -> 339960 | H40: =ROUND((E40*19%),0) -> 58720 | I40: =+H40+F40 -> 3458320 | J40: =+I40*C40 -> 6916640 | K40: =+$K$13*C40 -> 6224975.7 | L40: =+J40/30*3 -> 691664 | M40: =SUM(K40:L40) -> 6916639.7 | N40: =SUM($J40) -> 6916640 | O40: =+J40/30*O12 -> 6916640 | P40: =SUM($J40) -> 6916640 | Q40: =+P40 -> 6916640 | R40: =+P40 -> 6916640 | S40: =ROUND((#REF!+(#REF!*$D$13)),0) -> #REF! | T40: =+#REF! -> #REF! | U40: =S40+T40 -> #REF! | V40: =+U40*6 -> #REF! | W40: =+V40+#REF! -> #REF!
C41: 1 | D41: =+D4 -> 1759567 | E41: =+ROUND((D41*$C$7),0) -> 175957 | F41: =+E41+D41 -> 1935524 | G41: =+ROUND((F41*10%),0) -> 193552 | H41: =ROUND((E41*19%),0) -> 33432 | I41: =+H41+F41 -> 1968956 | J41: =+I41*C41 -> 1968956 | K41: =+$K$13*C41 -> 3112487.9 | L41: =+J41/30*3 -> 196895.6 | M41: =SUM(K41:L41) -> 3309383.5 | N41: =SUM($J41) -> 1968956 | O41: =+J41/30*O12 -> 1968956 | P41: =SUM($J41) -> 1968956 | Q41: =SUM($J13) -> 3458320 | R41: =SUM($J13) -> 3458320
B42: MANTENIMIENTO CON ALTURAS | C42: 1 | D42: =+D3 -> 3090545 | E42: =+ROUND((D42*$C$7),0) -> 309055 | F42: =+E42+D42 -> 3399600 | G42: =+ROUND((F42*10%),0) -> 339960 | H42: =ROUND((E42*19%),0) -> 58720 | I42: =+H42+F42 -> 3458320 | J42: =+I42*C42 -> 3458320 | K42: =+$K$13*C42 -> 3112487.9 | L42: =+J42/30*3 -> 345832 | M42: =SUM(K42:L42) -> 3458319.9 | N42: =SUM($J42) -> 3458320 | O42: =+J42/30*O12 -> 3458320 | P42: =SUM($J42) -> 3458320 | Q42: =+P42 -> 3458320 | R42: =+P42 -> 3458320 | S42: =ROUND((#REF!+(#REF!*$D$13)),0) -> #REF! | T42: =+#REF! -> #REF! | U42: =S42+T42 -> #REF! | V42: =+U42*6 -> #REF! | W42: =+V42+#REF! -> #REF!
A43: ARAUCA | B43: CESPA ARAUCA 3 | C43: 1 | D43: =+D3 -> 3090545 | E43: =+ROUND((D43*$C$7),0) -> 309055 | F43: =+E43+D43 -> 3399600 | G43: =+ROUND((F43*10%),0) -> 339960 | H43: =ROUND((E43*19%),0) -> 58720 | I43: =+H43+F43 -> 3458320 | J43: =+I43*C43 -> 3458320 | K43: =+$K$13*C43 -> 3112487.9 | L43: =+J43/30*3 -> 345832 | M43: =SUM(K43:L43) -> 3458319.9 | N43: =SUM($J43) -> 3458320 | O43: =+J43/30*O12 -> 3458320 | P43: =SUM($J43) -> 3458320 | Q43: =+P43 -> 3458320 | R43: =+P43 -> 3458320 | S43: =ROUND((#REF!+(#REF!*$D$13)),0) -> #REF! | T43: =+#REF! -> #REF! | U43: =S43+T43 -> #REF! | V43: =+U43*6 -> #REF! | W43: =+V43+#REF! -> #REF!
B44: PALACIO DE JUSTICIA ARAUCA VIEJO | C44: 1 | D44: =+D3 -> 3090545 | E44: =+ROUND((D44*$C$7),0) -> 309055 | F44: =+E44+D44 -> 3399600 | G44: =+ROUND((F44*10%),0) -> 339960 | H44: =ROUND((E44*19%),0) -> 58720 | I44: =+H44+F44 -> 3458320 | J44: =+I44*C44 -> 3458320 | K44: =+$K$13*C44 -> 3112487.9 | L44: =+J44/30*3 -> 345832 | M44: =SUM(K44:L44) -> 3458319.9 | N44: =SUM($J44) -> 3458320 | O44: =+J44/30*O12 -> 3458320 | P44: =SUM($J44) -> 3458320 | Q44: =+P44 -> 3458320 | R44: =+P44 -> 3458320 | S44: =ROUND((#REF!+(#REF!*$D$13)),0) -> #REF! | T44: =+#REF! -> #REF! | U44: =S44+T44 -> #REF! | V44: =+U44*6 -> #REF! | W44: =+V44+#REF! -> #REF!
B45: MANTENIMIENTO CON ALTURAS (P.J.VIEJO) | C45: 2 | D45: =+D3 -> 3090545 | E45: =+ROUND((D45*$C$7),0) -> 309055 | F45: =+E45+D45 -> 3399600 | G45: =+ROUND((F45*10%),0) -> 339960 | H45: =ROUND((E45*19%),0) -> 58720 | I45: =+H45+F45 -> 3458320 | J45: =+I45*C45 -> 6916640 | K45: =+$K$13*C45 -> 6224975.7 | L45: =+J45/30*3 -> 691664 | M45: =SUM(K45:L45) -> 6916639.7 | N45: =SUM($J45) -> 6916640 | O45: =+J45/30*O12 -> 6916640 | P45: =SUM($J45) -> 6916640 | Q45: =+P45 -> 6916640 | R45: =+P45 -> 6916640 | S45: =ROUND((#REF!+(#REF!*$D$13)),0) -> #REF! | T45: =+#REF! -> #REF! | U45: =S45+T45 -> #REF! | V45: =+U45*6 -> #REF! | W45: =+V45+#REF! -> #REF!
B46: Palacio de Justicia de Arauca NUEVO 1 | C46: 3 | D46: =+D3 -> 3090545 | E46: =+ROUND((D46*$C$7),0) -> 309055 | F46: =+E46+D46 -> 3399600 | G46: =+ROUND((F46*10%),0) -> 339960 | H46: =ROUND((E46*19%),0) -> 58720 | I46: =+H46+F46 -> 3458320 | J46: =+I46*C46 -> 10374960 | K46: =+$K$13*C46 -> 9337463.6 | L46: =+J46/30*3 -> 1037496 | M46: =SUM(K46:L46) -> 10374960 | N46: =SUM($J46) -> 10374960 | O46: =+J46/30*O12 -> 10374960 | P46: =SUM($J46) -> 10374960 | Q46: =+P46 -> 10374960 | R46: =+P46 -> 10374960 | S46: =ROUND((#REF!+(#REF!*$D$13)),0) -> #REF! | T46: =+#REF! -> #REF! | U46: =S46+T46 -> #REF! | V46: =+U46*6 -> #REF! | W46: =+V46+#REF! -> #REF!
C47: 1 | D47: =+D4 -> 1759567 | E47: =+ROUND((D47*$C$7),0) -> 175957 | F47: =+E47+D47 -> 1935524 | G47: =+ROUND((F47*10%),0) -> 193552 | H47: =ROUND((E47*19%),0) -> 33432 | I47: =+H47+F47 -> 1968956 | J47: =+I47*C47 -> 1968956 | K47: =+$K$13*C47 -> 3112487.9 | L47: =+J47/30*3 -> 196895.6 | M47: =SUM(K47:L47) -> 3309383.5 | N47: =SUM($J47) -> 1968956 | O47: =+J47/30*O12 -> 1968956 | P47: =SUM($J47) -> 1968956 | Q47: =+P47 -> 1968956 | R47: =+P47 -> 1968956
B48: MANTENIMIENTO CON ALTURAS (NUEVO) | C48: 1 | D48: =+D3 -> 3090545 | E48: =+ROUND((D48*$C$7),0) -> 309055 | F48: =+E48+D48 -> 3399600 | G48: =+ROUND((F48*10%),0) -> 339960 | H48: =ROUND((E48*19%),0) -> 58720 | I48: =+H48+F48 -> 3458320 | J48: =+I48*C48 -> 3458320 | K48: =+$K$13*C48 -> 3112487.9 | L48: =+J48/30*3 -> 345832 | M48: =SUM(K48:L48) -> 3458319.9 | N48: =SUM($J48) -> 3458320 | O48: =+J48/30*O12 -> 3458320 | P48: =SUM($J48) -> 3458320 | Q48: =+P48 -> 3458320 | R48: =+P48 -> 3458320 | S48: =ROUND((#REF!+(#REF!*$D$13)),0) -> #REF! | T48: =+#REF! -> #REF! | U48: =S48+T48 -> #REF! | V48: =+U48*6 -> #REF! | W48: =+V48+#REF! -> #REF!
B49: JUZGADO PROMISCUO TAME | C49: 1 | D49: =+D3 -> 3090545 | E49: =+ROUND((D49*$C$7),0) -> 309055 | F49: =+E49+D49 -> 3399600 | G49: =+ROUND((F49*10%),0) -> 339960 | H49: =ROUND((E49*19%),0) -> 58720 | I49: =+H49+F49 -> 3458320 | J49: =+I49*C49 -> 3458320 | K49: =+$K$13*C49 -> 3112487.9 | L49: =+J49/30*3 -> 345832 | M49: =SUM(K49:L49) -> 3458319.9 | N49: =SUM($J49) -> 3458320 | O49: =+J49/30*O12 -> 3458320 | P49: =SUM($J49) -> 3458320 | Q49: =+P49 -> 3458320 | R49: =+P49 -> 3458320 | S49: =ROUND((#REF!+(#REF!*$D$13)),0) -> #REF! | T49: =+#REF! -> #REF! | U49: =S49+T49 -> #REF! | V49: =+U49*6 -> #REF! | W49: =+V49+#REF! -> #REF!
B50: Juzgado penales saravena | C50: 1 | D50: =+D3 -> 3090545 | E50: =+ROUND((D50*$C$7),0) -> 309055 | F50: =+E50+D50 -> 3399600 | G50: =+ROUND((F50*10%),0) -> 339960 | H50: =ROUND((E50*19%),0) -> 58720 | I50: =+H50+F50 -> 3458320 | J50: =+I50*C50 -> 3458320 | K50: =+$K$13*C50 -> 3112487.9 | L50: =+J50/30*3 -> 345832 | M50: =SUM(K50:L50) -> 3458319.9 | N50: =SUM($J50) -> 3458320 | O50: =+J50/30*O12 -> 3458320 | P50: =SUM($J50) -> 3458320 | Q50: =+P50 -> 3458320 | R50: =+P50 -> 3458320 | S50: =ROUND((#REF!+(#REF!*$D$13)),0) -> #REF! | T50: =+#REF! -> #REF! | U50: =S50+T50 -> #REF! | V50: =+U50*6 -> #REF! | W50: =+V50+#REF! -> #REF!
A51: VILLA ROSARIO | B51: Edificio los pinos Juzgados Prom, Municipales de vila Rosario | C51: 1 | D51: =+D4 -> 1759567 | E51: =+ROUND((D51*$C$7),0) -> 175957 | F51: =ROUND((+E51+D51),0) -> 1935524 | G51: =+ROUND((F51*10%),0) -> 193552 | H51: =ROUND((E51*19%),0) -> 33432 | I51: =+F51+H51 -> 1968956 | J51: =+I51*C51 -> 1968956 | K51: =+J51/30*12 -> 787582.4 | L51: =+((J51/2)/15)*3 -> 196895.6 | M51: =SUM(K51:L51) -> 984478 | N51: =SUM($J51) -> 1968956 | O51: =+J51/30*O12 -> 1968956 | P51: =SUM($J51) -> 1968956 | Q51: =+P51 -> 1968956 | R51: =+P51 -> 1968956 | S51: =ROUND((#REF!+(#REF!*$D$13)),0) -> #REF! | T51: =+#REF! -> #REF! | U51: =S51+T51 -> #REF! | V51: =+U51*6 -> #REF! | W51: =+V51+#REF! -> #REF!
A52: CUCUTA | B52: Juzgado 01, 02 y 03 Pequeñas causasy competencia Multiple LA LIBERTAD y Atalaya | C52: 1 | D52: =+D6 -> 709977 | E52: =+ROUND((D52*$C$7),0) -> 70998 | F52: =ROUND((+E52+D52),0) -> 780975 | G52: =+ROUND((F52*10%),0) -> 78098 | H52: =ROUND((E52*19%),0) -> 13490 | I52: =+F52+H52 -> 794465 | J52: =+I52*C52 -> 794465 | K52: =+$J$51/30*12 -> 787582.4 | L52: =+((J52/2)/15)*3 -> 79446.5 | M52: =SUM(K52:L52) -> 867028.9 | N52: =SUM($J52) -> 794465 | O52: =+J52/30*O12 -> 794465 | P52: =SUM($J52) -> 794465 | Q52: =+P52 -> 794465 | R52: =+P52 -> 794465 | S52: =ROUND((#REF!+(#REF!*$D$13)),0) -> #REF! | T52: =+#REF! -> #REF! | U52: =S52+T52 -> #REF! | V52: =+U52*6 -> #REF! | W52: =+V52+#REF! -> #REF!
A53: TARRA | B53: Juzgado Tarra | C53: 1 | D53: =+D6 -> 709977 | E53: =+ROUND((D53*$C$7),0) -> 70998 | F53: =ROUND((+E53+D53),0) -> 780975 | G53: =+ROUND((F53*10%),0) -> 78098 | H53: =ROUND((E53*19%),0) -> 13490 | I53: =+F53+H53 -> 794465 | J53: =+I53*C53 -> 794465 | K53: =+$J$51/30*12 -> 787582.4 | L53: =+((J53/2)/15)*3 -> 79446.5 | M53: =SUM(K53:L53) -> 867028.9 | N53: =SUM($J53) -> 794465 | O53: =+J53/30*O12 -> 794465 | P53: =SUM($J53) -> 794465 | Q53: =+P53 -> 794465 | R53: =+P53 -> 794465 | S53: =ROUND((#REF!+(#REF!*$D$13)),0) -> #REF! | T53: =+#REF! -> #REF! | U53: =S53+T53 -> #REF! | V53: =+U53*6 -> #REF! | W53: =+V53+#REF! -> #REF!
A54: SAN CALIXTO | B54: Juzgado san Calixto | C54: 1 | D54: =+D6 -> 709977 | E54: =+ROUND((D54*$C$7),0) -> 70998 | F54: =ROUND((+E54+D54),0) -> 780975 | G54: =+ROUND((F54*10%),0) -> 78098 | H54: =ROUND((E54*19%),0) -> 13490 | I54: =+F54+H54 -> 794465 | J54: =+I54*C54 -> 794465 | K54: =+$J$51/30*12 -> 787582.4 | L54: =+((J54/2)/15)*3 -> 79446.5 | M54: =SUM(K54:L54) -> 867028.9 | N54: =SUM($J54) -> 794465 | O54: =+J54/30*O12 -> 794465 | P54: =SUM($J54) -> 794465 | Q54: =+P54 -> 794465 | R54: =+P54 -> 794465 | S54: =ROUND((#REF!+(#REF!*$D$13)),0) -> #REF! | T54: =+#REF! -> #REF! | U54: =S54+T54 -> #REF! | V54: =+U54*6 -> #REF! | W54: =+V54+#REF! -> #REF!
A55: CUCUTA | B55: Edificio Leidy | C55: 1 | D55: =+D4 -> 1759567 | E55: =+ROUND((D55*$C$7),0) -> 175957 | F55: =ROUND((+E55+D55),0) -> 1935524 | G55: =+ROUND((F55*10%),0) -> 193552 | H55: =ROUND((E55*19%),0) -> 33432 | I55: =+F55+H55 -> 1968956 | J55: =+I55*C55 -> 1968956 | K55: =+$J$51/30*27 -> 1772060.4 | L55: =+J55/30*3 -> 196895.6 | M55: =SUM(K55:L55) -> 1968956 | N55: =SUM($J55) -> 1968956 | O55: =+J55/30*O12 -> 1968956 | P55: =SUM($J55) -> 1968956 | Q55: =+P55 -> 1968956 | R55: =+P55 -> 1968956 | S55: =ROUND((#REF!+(#REF!*$D$13)),0) -> #REF! | T55: =+#REF! -> #REF! | U55: =S55+T55 -> #REF! | V55: =+U55*6 -> #REF! | W55: =+V55+#REF! -> #REF!
A56: ARAUCA | B56: Promiscuo Circuito Saravena | C56: 1 | D56: =+D6 -> 709977 | E56: =+ROUND((D56*$C$7),0) -> 70998 | F56: =ROUND((+E56+D56),0) -> 780975 | G56: =+ROUND((F56*10%),0) -> 78098 | H56: =ROUND((E56*19%),0) -> 13490 | I56: =+F56+H56 -> 794465 | J56: =+I56*C56 -> 794465 | K56: =+$J$51/30*12 -> 787582.4 | L56: =+((J56/2)/15)*3 -> 79446.5 | M56: =SUM(K56:L56) -> 867028.9 | N56: =SUM($J56) -> 794465 | O56: =+J56/30*O12 -> 794465 | P56: =SUM($J56) -> 794465 | Q56: =SUM($J55) -> 1968956 | R56: =SUM($J55) -> 1968956 | S56: =ROUND((#REF!+(#REF!*$D$13)),0) -> #REF! | T56: =+#REF! -> #REF! | U56: =S56+T56 -> #REF! | V56: =+U56*6 -> #REF! | W56: =+V56+#REF! -> #REF!
B57: Juzgado penales saravena | C57: 1 | D57: =+D4 -> 1759567 | E57: =+ROUND((D57*$C$7),0) -> 175957 | F57: =ROUND((+E57+D57),0) -> 1935524 | G57: =+ROUND((F57*10%),0) -> 193552 | H57: =ROUND((E57*19%),0) -> 33432 | I57: =+F57+H57 -> 1968956 | J57: =+I57*C57 -> 1968956 | K57: =+$J$51/30*12 -> 787582.4 | L57: =+((J57/2)/15)*3 -> 196895.6 | M57: =SUM(K57:L57) -> 984478 | N57: =SUM($J57) -> 1968956 | O57: =+J57/30*O12 -> 1968956 | P57: =SUM($J57) -> 1968956 | Q57: =+P57 -> 1968956 | R57: =+P57 -> 1968956 | S57: =ROUND((#REF!+(#REF!*$D$13)),0) -> #REF! | T57: =+#REF! -> #REF! | U57: =S57+T57 -> #REF! | V57: =+U57*6 -> #REF! | W57: =+V57+#REF! -> #REF!
B58: Promiscuo Familia Saravena | C58: 1 | D58: =+D6 -> 709977 | E58: =+ROUND((D58*$C$7),0) -> 70998 | F58: =ROUND((+E58+D58),0) -> 780975 | G58: =+ROUND((F58*10%),0) -> 78098 | H58: =ROUND((E58*19%),0) -> 13490 | I58: =+F58+H58 -> 794465 | J58: =+I58*C58 -> 794465 | K58: =+$J$51/30*12 -> 787582.4 | L58: =+((J58/2)/15)*3 -> 79446.5 | M58: =SUM(K58:L58) -> 867028.9 | N58: =SUM($J58) -> 794465 | O58: =+J58/30*O12 -> 794465 | P58: =SUM($J58) -> 794465 | Q58: =+P58 -> 794465 | R58: =+P58 -> 794465 | S58: =ROUND((#REF!+(#REF!*$D$13)),0) -> #REF! | T58: =+#REF! -> #REF! | U58: =S58+T58 -> #REF! | V58: =+U58*6 -> #REF! | W58: =+V58+#REF! -> #REF!
B59: Juzgado Cravo Norte | C59: 1 | D59: =+D6 -> 709977 | E59: =+ROUND((D59*$C$7),0) -> 70998 | F59: =ROUND((+E59+D59),0) -> 780975 | G59: =+ROUND((F59*10%),0) -> 78098 | H59: =ROUND((E59*19%),0) -> 13490 | I59: =+F59+H59 -> 794465 | J59: =+I59*C59 -> 794465 | K59: =+$J$51/30*12 -> 787582.4 | L59: =+((J59/2)/15)*3 -> 79446.5 | M59: =SUM(K59:L59) -> 867028.9 | N59: =SUM($J59) -> 794465 | O59: =+J59/30*O12 -> 794465 | P59: =SUM($J59) -> 794465 | Q59: =+P59 -> 794465 | R59: =+P59 -> 794465 | S59: =ROUND((#REF!+(#REF!*$D$13)),0) -> #REF! | T59: =+#REF! -> #REF! | U59: =S59+T59 -> #REF! | V59: =+U59*6 -> #REF! | W59: =+V59+#REF! -> #REF!
B60: Juzgado Fortul | C60: 1 | D60: =+D6 -> 709977 | E60: =+ROUND((D60*$C$7),0) -> 70998 | F60: =ROUND((+E60+D60),0) -> 780975 | G60: =+ROUND((F60*10%),0) -> 78098 | H60: =ROUND((E60*19%),0) -> 13490 | I60: =+F60+H60 -> 794465 | J60: =+I60*C60 -> 794465 | K60: =+$J$51/30*12 -> 787582.4 | L60: =+((J60/2)/15)*3 -> 79446.5 | M60: =SUM(K60:L60) -> 867028.9 | N60: =SUM($J60) -> 794465 | O60: =+J60/30*O12 -> 794465 | P60: =SUM($J60) -> 794465 | Q60: =+P60 -> 794465 | R60: =+P60 -> 794465 | S60: =ROUND((#REF!+(#REF!*$D$13)),0) -> #REF! | T60: =+#REF! -> #REF! | U60: =S60+T60 -> #REF! | V60: =+U60*6 -> #REF! | W60: =+V60+#REF! -> #REF!
B61: Juzgado Puerto Rondon | C61: 1 | D61: =+D6 -> 709977 | E61: =+ROUND((D61*$C$7),0) -> 70998 | F61: =ROUND((+E61+D61),0) -> 780975 | G61: =+ROUND((F61*10%),0) -> 78098 | H61: =ROUND((E61*19%),0) -> 13490 | I61: =+F61+H61 -> 794465 | J61: =+I61*C61 -> 794465 | K61: =+$J$51/30*12 -> 787582.4 | L61: =+((J61/2)/15)*3 -> 79446.5 | M61: =SUM(K61:L61) -> 867028.9 | N61: =SUM($J61) -> 794465 | O61: =+J61/30*O12 -> 794465 | P61: =SUM($J61) -> 794465 | Q61: =+P61 -> 794465 | R61: =+P61 -> 794465 | S61: =ROUND((#REF!+(#REF!*$D$13)),0) -> #REF! | T61: =+#REF! -> #REF! | U61: =S61+T61 -> #REF! | V61: =+U61*6 -> #REF! | W61: =+V61+#REF! -> #REF!
B62: Juzgado Arauquita | C62: 1 | D62: =+D6 -> 709977 | E62: =+ROUND((D62*$C$7),0) -> 70998 | F62: =ROUND((+E62+D62),0) -> 780975 | G62: =+ROUND((F62*10%),0) -> 78098 | H62: =ROUND((E62*19%),0) -> 13490 | I62: =+F62+H62 -> 794465 | J62: =+I62*C62 -> 794465 | K62: =+$J$51/30*12 -> 787582.4 | L62: =+((J62/2)/15)*3 -> 79446.5 | M62: =SUM(K62:L62) -> 867028.9 | N62: =SUM($J62) -> 794465 | O62: =+J62/30*O12 -> 794465 | P62: =SUM($J62) -> 794465 | Q62: =+P62 -> 794465 | R62: =+P62 -> 794465 | S62: =ROUND((#REF!+(#REF!*$D$13)),0) -> #REF! | T62: =+#REF! -> #REF! | U62: =S62+T62 -> #REF! | V62: =+U62*6 -> #REF! | W62: =+V62+#REF! -> #REF!
A63: Municipios 3*3 | B63: Cubara | C63: 1 | D63: =+$D$6 -> 709977 | E63: =+ROUND((D63*$C$7),0) -> 70998 | F63: =ROUND((+E63+D63),0) -> 780975 | G63: =+ROUND((F63*10%),0) -> 78098 | H63: =ROUND((E63*19%),0) -> 13490 | I63: =+F63+H63 -> 794465 | J63: =+I63*C63 -> 794465 | K63: =+$J$63/30*12 -> 317786 | L63: =+((J63/2)/15)*3 -> 79446.5 | M63: =SUM(K63:L63) -> 397232.5 | N63: =SUM($J63) -> 794465 | O63: =+J63/30*O12 -> 794465 | P63: =SUM($J63) -> 794465 | Q63: =+P63 -> 794465 | R63: =+P63 -> 794465 | S63: =ROUND((#REF!+(#REF!*$D$13)),0) -> #REF! | T63: =+#REF! -> #REF! | U63: =S63+T63 -> #REF! | V63: =+U63*6 -> #REF! | W63: =+V63+#REF! -> #REF!
B64: Bochalema | C64: 1 | D64: =+$D$6 -> 709977 | E64: =+ROUND((D64*$C$7),0) -> 70998 | F64: =ROUND((+E64+D64),0) -> 780975 | G64: =+ROUND((F64*10%),0) -> 78098 | H64: =ROUND((E64*19%),0) -> 13490 | I64: =+F64+H64 -> 794465 | J64: =+I64*C64 -> 794465 | K64: =+$J$63/30*12 -> 317786 | L64: =+((J64/2)/15)*3 -> 79446.5 | M64: =SUM(K64:L64) -> 397232.5 | N64: =SUM($J64) -> 794465 | O64: =+J64/30*O12 -> 794465 | P64: =SUM($J64) -> 794465 | Q64: =+P64 -> 794465 | R64: =+P64 -> 794465 | S64: =ROUND((#REF!+(#REF!*$D$13)),0) -> #REF! | T64: =+#REF! -> #REF! | U64: =S64+T64 -> #REF! | V64: =+U64*6 -> #REF! | W64: =+V64+#REF! -> #REF!
B65: Zulia | C65: 1 | D65: =+$D$6 -> 709977 | E65: =+ROUND((D65*$C$7),0) -> 70998 | F65: =ROUND((+E65+D65),0) -> 780975 | G65: =+ROUND((F65*10%),0) -> 78098 | H65: =ROUND((E65*19%),0) -> 13490 | I65: =+F65+H65 -> 794465 | J65: =+I65*C65 -> 794465 | K65: =+$J$63/30*12 -> 317786 | L65: =+((J65/2)/15)*3 -> 79446.5 | M65: =SUM(K65:L65) -> 397232.5 | N65: =SUM($J65) -> 794465 | O65: =+J65/30*O12 -> 794465 | P65: =SUM($J65) -> 794465 | Q65: =+P65 -> 794465 | R65: =+P65 -> 794465 | S65: =ROUND((#REF!+(#REF!*$D$13)),0) -> #REF! | T65: =+#REF! -> #REF! | U65: =S65+T65 -> #REF! | V65: =+U65*6 -> #REF! | W65: =+V65+#REF! -> #REF!
B66: Tibu | C66: 1 | D66: =+$D$6 -> 709977 | E66: =+ROUND((D66*$C$7),0) -> 70998 | F66: =ROUND((+E66+D66),0) -> 780975 | G66: =+ROUND((F66*10%),0) -> 78098 | H66: =ROUND((E66*19%),0) -> 13490 | I66: =+F66+H66 -> 794465 | J66: =+I66*C66 -> 794465 | K66: =+$J$63/30*12 -> 317786 | L66: =+((J66/2)/15)*3 -> 79446.5 | M66: =SUM(K66:L66) -> 397232.5 | N66: =SUM($J66) -> 794465 | O66: =+J66/30*O12 -> 794465 | P66: =SUM($J66) -> 794465 | Q66: =+P66 -> 794465 | R66: =+P66 -> 794465 | S66: =ROUND((#REF!+(#REF!*$D$13)),0) -> #REF! | T66: =+#REF! -> #REF! | U66: =S66+T66 -> #REF! | V66: =+U66*6 -> #REF! | W66: =+V66+#REF! -> #REF!
B67: Puerto santander | C67: 1 | D67: =+$D$6 -> 709977 | E67: =+ROUND((D67*$C$7),0) -> 70998 | F67: =ROUND((+E67+D67),0) -> 780975 | G67: =+ROUND((F67*10%),0) -> 78098 | H67: =ROUND((E67*19%),0) -> 13490 | I67: =+F67+H67 -> 794465 | J67: =+I67*C67 -> 794465 | K67: =+$J$63/30*12 -> 317786 | L67: =+((J67/2)/15)*3 -> 79446.5 | M67: =SUM(K67:L67) -> 397232.5 | N67: =SUM($J67) -> 794465 | O67: =+J67/30*O12 -> 794465 | P67: =SUM($J67) -> 794465 | Q67: =+P67 -> 794465 | R67: =+P67 -> 794465 | S67: =ROUND((#REF!+(#REF!*$D$13)),0) -> #REF! | T67: =+#REF! -> #REF! | U67: =S67+T67 -> #REF! | V67: =+U67*6 -> #REF! | W67: =+V67+#REF! -> #REF!
B68: Chitaga | C68: 1 | D68: =+$D$6 -> 709977 | E68: =+ROUND((D68*$C$7),0) -> 70998 | F68: =ROUND((+E68+D68),0) -> 780975 | G68: =+ROUND((F68*10%),0) -> 78098 | H68: =ROUND((E68*19%),0) -> 13490 | I68: =+F68+H68 -> 794465 | J68: =+I68*C68 -> 794465 | K68: =+$J$63/30*12 -> 317786 | L68: =+((J68/2)/15)*3 -> 79446.5 | M68: =SUM(K68:L68) -> 397232.5 | N68: =SUM($J68) -> 794465 | O68: =+J68/30*O12 -> 794465 | P68: =SUM($J68) -> 794465 | Q68: =+P68 -> 794465 | R68: =+P68 -> 794465 | S68: =ROUND((#REF!+(#REF!*$D$13)),0) -> #REF! | T68: =+#REF! -> #REF! | U68: =S68+T68 -> #REF! | V68: =+U68*6 -> #REF! | W68: =+V68+#REF! -> #REF!
B69: Ragonvalia | C69: 1 | D69: =+$D$6 -> 709977 | E69: =+ROUND((D69*$C$7),0) -> 70998 | F69: =ROUND((+E69+D69),0) -> 780975 | G69: =+ROUND((F69*10%),0) -> 78098 | H69: =ROUND((E69*19%),0) -> 13490 | I69: =+F69+H69 -> 794465 | J69: =+I69*C69 -> 794465 | K69: =+$J$63/30*12 -> 317786 | L69: =+((J69/2)/15)*3 -> 79446.5 | M69: =SUM(K69:L69) -> 397232.5 | N69: =SUM($J69) -> 794465 | O69: =+J69/30*O12 -> 794465 | P69: =SUM($J69) -> 794465 | Q69: =+P69 -> 794465 | R69: =+P69 -> 794465 | S69: =ROUND((#REF!+(#REF!*$D$13)),0) -> #REF! | T69: =+#REF! -> #REF! | U69: =S69+T69 -> #REF! | V69: =+U69*6 -> #REF! | W69: =+V69+#REF! -> #REF!
B70: Herran | C70: 1 | D70: =+$D$6 -> 709977 | E70: =+ROUND((D70*$C$7),0) -> 70998 | F70: =ROUND((+E70+D70),0) -> 780975 | G70: =+ROUND((F70*10%),0) -> 78098 | H70: =ROUND((E70*19%),0) -> 13490 | I70: =+F70+H70 -> 794465 | J70: =+I70*C70 -> 794465 | K70: =+$J$63/30*12 -> 317786 | L70: =+((J70/2)/15)*3 -> 79446.5 | M70: =SUM(K70:L70) -> 397232.5 | N70: =SUM($J70) -> 794465 | O70: =+J70/30*O12 -> 794465 | P70: =SUM($J70) -> 794465 | Q70: =+P70 -> 794465 | R70: =+P70 -> 794465 | S70: =ROUND((#REF!+(#REF!*$D$13)),0) -> #REF! | T70: =+#REF! -> #REF! | U70: =S70+T70 -> #REF! | V70: =+U70*6 -> #REF! | W70: =+V70+#REF! -> #REF!
B71: Gramalote | C71: 1 | D71: =+$D$6 -> 709977 | E71: =+ROUND((D71*$C$7),0) -> 70998 | F71: =ROUND((+E71+D71),0) -> 780975 | G71: =+ROUND((F71*10%),0) -> 78098 | H71: =ROUND((E71*19%),0) -> 13490 | I71: =+F71+H71 -> 794465 | J71: =+I71*C71 -> 794465 | K71: =+$J$63/30*12 -> 317786 | L71: =+((J71/2)/15)*3 -> 79446.5 | M71: =SUM(K71:L71) -> 397232.5 | N71: =SUM($J71) -> 794465 | O71: =+J71/30*O12 -> 794465 | P71: =SUM($J71) -> 794465 | Q71: =+P71 -> 794465 | R71: =+P71 -> 794465 | S71: =ROUND((#REF!+(#REF!*$D$13)),0) -> #REF! | T71: =+#REF! -> #REF! | U71: =S71+T71 -> #REF! | V71: =+U71*6 -> #REF! | W71: =+V71+#REF! -> #REF!
B72: Labateca | C72: 1 | D72: =+$D$6 -> 709977 | E72: =+ROUND((D72*$C$7),0) -> 70998 | F72: =ROUND((+E72+D72),0) -> 780975 | G72: =+ROUND((F72*10%),0) -> 78098 | H72: =ROUND((E72*19%),0) -> 13490 | I72: =+F72+H72 -> 794465 | J72: =+I72*C72 -> 794465 | K72: =+$J$63/30*12 -> 317786 | L72: =+((J72/2)/15)*3 -> 79446.5 | M72: =SUM(K72:L72) -> 397232.5 | N72: =SUM($J72) -> 794465 | O72: =+J72/30*O12 -> 794465 | P72: =SUM($J72) -> 794465 | Q72: =+P72 -> 794465 | R72: =+P72 -> 794465 | S72: =ROUND((#REF!+(#REF!*$D$13)),0) -> #REF! | T72: =+#REF! -> #REF! | U72: =S72+T72 -> #REF! | V72: =+U72*6 -> #REF! | W72: =+V72+#REF! -> #REF!
B73: Sardinata | C73: 1 | D73: =+$D$6 -> 709977 | E73: =+ROUND((D73*$C$7),0) -> 70998 | F73: =ROUND((+E73+D73),0) -> 780975 | G73: =+ROUND((F73*10%),0) -> 78098 | H73: =ROUND((E73*19%),0) -> 13490 | I73: =+F73+H73 -> 794465 | J73: =+I73*C73 -> 794465 | K73: =+$J$63/30*12 -> 317786 | L73: =+((J73/2)/15)*3 -> 79446.5 | M73: =SUM(K73:L73) -> 397232.5 | N73: =SUM($J73) -> 794465 | O73: =+J73/30*O12 -> 794465 | P73: =SUM($J73) -> 794465 | Q73: =+P73 -> 794465 | R73: =+P73 -> 794465 | S73: =ROUND((#REF!+(#REF!*$D$13)),0) -> #REF! | T73: =+#REF! -> #REF! | U73: =S73+T73 -> #REF! | V73: =+U73*6 -> #REF! | W73: =+V73+#REF! -> #REF!
B74: Villa Caro | C74: 1 | D74: =+$D$6 -> 709977 | E74: =+ROUND((D74*$C$7),0) -> 70998 | F74: =ROUND((+E74+D74),0) -> 780975 | G74: =+ROUND((F74*10%),0) -> 78098 | H74: =ROUND((E74*19%),0) -> 13490 | I74: =+F74+H74 -> 794465 | J74: =+I74*C74 -> 794465 | K74: =+$J$63/30*12 -> 317786 | L74: =+((J74/2)/15)*3 -> 79446.5 | M74: =SUM(K74:L74) -> 397232.5 | N74: =SUM($J74) -> 794465 | O74: =+J74/30*O12 -> 794465 | P74: =SUM($J74) -> 794465 | Q74: =+P74 -> 794465 | R74: =+P74 -> 794465 | S74: =ROUND((#REF!+(#REF!*$D$13)),0) -> #REF! | T74: =+#REF! -> #REF! | U74: =S74+T74 -> #REF! | V74: =+U74*6 -> #REF! | W74: =+V74+#REF! -> #REF!
B75: Cacota | C75: 1 | D75: =+$D$6 -> 709977 | E75: =+ROUND((D75*$C$7),0) -> 70998 | F75: =ROUND((+E75+D75),0) -> 780975 | G75: =+ROUND((F75*10%),0) -> 78098 | H75: =ROUND((E75*19%),0) -> 13490 | I75: =+F75+H75 -> 794465 | J75: =+I75*C75 -> 794465 | K75: =+$J$63/30*12 -> 317786 | L75: =+((J75/2)/15)*3 -> 79446.5 | M75: =SUM(K75:L75) -> 397232.5 | N75: =SUM($J75) -> 794465 | O75: =+J75/30*O12 -> 794465 | P75: =SUM($J75) -> 794465 | Q75: =+P75 -> 794465 | R75: =+P75 -> 794465 | S75: =ROUND((#REF!+(#REF!*$D$13)),0) -> #REF! | T75: =+#REF! -> #REF! | U75: =S75+T75 -> #REF! | V75: =+U75*6 -> #REF! | W75: =+V75+#REF! -> #REF!
B76: Arboledas | C76: 1 | D76: =+$D$6 -> 709977 | E76: =+ROUND((D76*$C$7),0) -> 70998 | F76: =ROUND((+E76+D76),0) -> 780975 | G76: =+ROUND((F76*10%),0) -> 78098 | H76: =ROUND((E76*19%),0) -> 13490 | I76: =+F76+H76 -> 794465 | J76: =+I76*C76 -> 794465 | K76: =+$J$63/30*12 -> 317786 | L76: =+((J76/2)/15)*3 -> 79446.5 | M76: =SUM(K76:L76) -> 397232.5 | N76: =SUM($J76) -> 794465 | O76: =+J76/30*O12 -> 794465 | P76: =SUM($J76) -> 794465 | Q76: =+P76 -> 794465 | R76: =+P76 -> 794465 | S76: =ROUND((#REF!+(#REF!*$D$13)),0) -> #REF! | T76: =+#REF! -> #REF! | U76: =S76+T76 -> #REF! | V76: =+U76*6 -> #REF! | W76: =+V76+#REF! -> #REF!
B77: Pamplonita | C77: 1 | D77: =+$D$6 -> 709977 | E77: =+ROUND((D77*$C$7),0) -> 70998 | F77: =ROUND((+E77+D77),0) -> 780975 | G77: =+ROUND((F77*10%),0) -> 78098 | H77: =ROUND((E77*19%),0) -> 13490 | I77: =+F77+H77 -> 794465 | J77: =+I77*C77 -> 794465 | K77: =+$J$63/30*12 -> 317786 | L77: =+((J77/2)/15)*3 -> 79446.5 | M77: =SUM(K77:L77) -> 397232.5 | N77: =SUM($J77) -> 794465 | O77: =+J77/30*O12 -> 794465 | P77: =SUM($J77) -> 794465 | Q77: =+P77 -> 794465 | R77: =+P77 -> 794465 | S77: =ROUND((#REF!+(#REF!*$D$13)),0) -> #REF! | T77: =+#REF! -> #REF! | U77: =S77+T77 -> #REF! | V77: =+U77*6 -> #REF! | W77: =+V77+#REF! -> #REF!
B78: Rio de Oro | C78: 1 | D78: =+$D$6 -> 709977 | E78: =+ROUND((D78*$C$7),0) -> 70998 | F78: =ROUND((+E78+D78),0) -> 780975 | G78: =+ROUND((F78*10%),0) -> 78098 | H78: =ROUND((E78*19%),0) -> 13490 | I78: =+F78+H78 -> 794465 | J78: =+I78*C78 -> 794465 | K78: =+$J$63/30*12 -> 317786 | L78: =+((J78/2)/15)*3 -> 79446.5 | M78: =SUM(K78:L78) -> 397232.5 | N78: =SUM($J78) -> 794465 | O78: =+J78/30*O12 -> 794465 | P78: =SUM($J78) -> 794465 | Q78: =+P78 -> 794465 | R78: =+P78 -> 794465 | S78: =ROUND((#REF!+(#REF!*$D$13)),0) -> #REF! | T78: =+#REF! -> #REF! | U78: =S78+T78 -> #REF! | V78: =+U78*6 -> #REF! | W78: =+V78+#REF! -> #REF!
B79: Gonzalez Cesar | C79: 1 | D79: =+$D$6 -> 709977 | E79: =+ROUND((D79*$C$7),0) -> 70998 | F79: =ROUND((+E79+D79),0) -> 780975 | G79: =+ROUND((F79*10%),0) -> 78098 | H79: =ROUND((E79*19%),0) -> 13490 | I79: =+F79+H79 -> 794465 | J79: =+I79*C79 -> 794465 | K79: =+$J$63/30*12 -> 317786 | L79: =+((J79/2)/15)*3 -> 79446.5 | M79: =SUM(K79:L79) -> 397232.5 | N79: =SUM($J79) -> 794465 | O79: =+J79/30*O12 -> 794465 | P79: =SUM($J79) -> 794465 | Q79: =+P79 -> 794465 | R79: =+P79 -> 794465 | S79: =ROUND((#REF!+(#REF!*$D$13)),0) -> #REF! | T79: =+#REF! -> #REF! | U79: =S79+T79 -> #REF! | V79: =+U79*6 -> #REF! | W79: =+V79+#REF! -> #REF!
B80: Abrego | C80: 1 | D80: =+$D$6 -> 709977 | E80: =+ROUND((D80*$C$7),0) -> 70998 | F80: =ROUND((+E80+D80),0) -> 780975 | G80: =+ROUND((F80*10%),0) -> 78098 | H80: =ROUND((E80*19%),0) -> 13490 | I80: =+F80+H80 -> 794465 | J80: =+I80*C80 -> 794465 | K80: =+$J$63/30*12 -> 317786 | L80: =+((J80/2)/15)*3 -> 79446.5 | M80: =SUM(K80:L80) -> 397232.5 | N80: =SUM($J80) -> 794465 | O80: =+J80/30*O12 -> 794465 | P80: =SUM($J80) -> 794465 | Q80: =+P80 -> 794465 | R80: =+P80 -> 794465 | S80: =ROUND((#REF!+(#REF!*$D$13)),0) -> #REF! | T80: =+#REF! -> #REF! | U80: =S80+T80 -> #REF! | V80: =+U80*6 -> #REF! | W80: =+V80+#REF! -> #REF!
B81: BUCARASICA | C81: 1 | D81: =+$D$6 -> 709977 | E81: =+ROUND((D81*$C$7),0) -> 70998 | F81: =ROUND((+E81+D81),0) -> 780975 | G81: =+ROUND((F81*10%),0) -> 78098 | H81: =ROUND((E81*19%),0) -> 13490 | I81: =+F81+H81 -> 794465 | J81: =+I81*C81 -> 794465 | K81: =+$J$63/30*12 -> 317786 | L81: =+((J81/2)/15)*3 -> 79446.5 | M81: =SUM(K81:L81) -> 397232.5 | N81: =SUM($J81) -> 794465 | O81: =+J81/30*O12 -> 794465 | P81: =SUM($J81) -> 794465 | Q81: =+P81 -> 794465 | R81: =+P81 -> 794465 | S81: =ROUND((#REF!+(#REF!*$D$13)),0) -> #REF! | T81: =+#REF! -> #REF! | U81: =S81+T81 -> #REF! | V81: =+U81*6 -> #REF! | W81: =+V81+#REF! -> #REF!
B82: CONVENCION | C82: 1 | D82: =+$D$6 -> 709977 | E82: =+ROUND((D82*$C$7),0) -> 70998 | F82: =ROUND((+E82+D82),0) -> 780975 | G82: =+ROUND((F82*10%),0) -> 78098 | H82: =ROUND((E82*19%),0) -> 13490 | I82: =+F82+H82 -> 794465 | J82: =+I82*C82 -> 794465 | K82: =+$J$63/30*12 -> 317786 | L82: =+((J82/2)/15)*3 -> 79446.5 | M82: =SUM(K82:L82) -> 397232.5 | N82: =SUM($J82) -> 794465 | O82: =+J82/30*O12 -> 794465 | P82: =SUM($J82) -> 794465 | Q82: =+P82 -> 794465 | R82: =+P82 -> 794465 | S82: =ROUND((#REF!+(#REF!*$D$13)),0) -> #REF! | T82: =+#REF! -> #REF! | U82: =S82+T82 -> #REF! | V82: =+U82*6 -> #REF! | W82: =+V82+#REF! -> #REF!
B83: CUCUTILLA | C83: 1 | D83: =+$D$6 -> 709977 | E83: =+ROUND((D83*$C$7),0) -> 70998 | F83: =ROUND((+E83+D83),0) -> 780975 | G83: =+ROUND((F83*10%),0) -> 78098 | H83: =ROUND((E83*19%),0) -> 13490 | I83: =+F83+H83 -> 794465 | J83: =+I83*C83 -> 794465 | K83: =+$J$63/30*12 -> 317786 | L83: =+((J83/2)/15)*3 -> 79446.5 | M83: =SUM(K83:L83) -> 397232.5 | N83: =SUM($J83) -> 794465 | O83: =+J83/30*O12 -> 794465 | P83: =SUM($J83) -> 794465 | Q83: =+P83 -> 794465 | R83: =+P83 -> 794465 | S83: =ROUND((#REF!+(#REF!*$D$13)),0) -> #REF! | T83: =+#REF! -> #REF! | U83: =S83+T83 -> #REF! | V83: =+U83*6 -> #REF! | W83: =+V83+#REF! -> #REF!
B84: DURANIA | C84: 1 | D84: =+$D$6 -> 709977 | E84: =+ROUND((D84*$C$7),0) -> 70998 | F84: =ROUND((+E84+D84),0) -> 780975 | G84: =+ROUND((F84*10%),0) -> 78098 | H84: =ROUND((E84*19%),0) -> 13490 | I84: =+F84+H84 -> 794465 | J84: =+I84*C84 -> 794465 | K84: =+$J$63/30*12 -> 317786 | L84: =+((J84/2)/15)*3 -> 79446.5 | M84: =SUM(K84:L84) -> 397232.5 | N84: =SUM($J84) -> 794465 | O84: =+J84/30*O12 -> 794465 | P84: =SUM($J84) -> 794465 | Q84: =+P84 -> 794465 | R84: =+P84 -> 794465 | S84: =ROUND((#REF!+(#REF!*$D$13)),0) -> #REF! | T84: =+#REF! -> #REF! | U84: =S84+T84 -> #REF! | V84: =+U84*6 -> #REF! | W84: =+V84+#REF! -> #REF!
B85: EL CARMEN | C85: 1 | D85: =+$D$6 -> 709977 | E85: =+ROUND((D85*$C$7),0) -> 70998 | F85: =ROUND((+E85+D85),0) -> 780975 | G85: =+ROUND((F85*10%),0) -> 78098 | H85: =ROUND((E85*19%),0) -> 13490 | I85: =+F85+H85 -> 794465 | J85: =+I85*C85 -> 794465 | K85: =+$J$63/30*12 -> 317786 | L85: =+((J85/2)/15)*3 -> 79446.5 | M85: =SUM(K85:L85) -> 397232.5 | N85: =SUM($J85) -> 794465 | O85: =+J85/30*$O$12 -> 794465 | P85: =SUM($J85) -> 794465 | Q85: =+P85 -> 794465 | R85: =+P85 -> 794465 | S85: =ROUND((#REF!+(#REF!*$D$13)),0) -> #REF! | T85: =+#REF! -> #REF! | U85: =S85+T85 -> #REF! | V85: =+U85*6 -> #REF! | W85: =+V85+#REF! -> #REF!
B86: LA PLAYA | C86: 1 | D86: =+$D$6 -> 709977 | E86: =+ROUND((D86*$C$7),0) -> 70998 | F86: =ROUND((+E86+D86),0) -> 780975 | G86: =+ROUND((F86*10%),0) -> 78098 | H86: =ROUND((E86*19%),0) -> 13490 | I86: =+F86+H86 -> 794465 | J86: =+I86*C86 -> 794465 | K86: =+$J$63/30*12 -> 317786 | L86: =+((J86/2)/15)*3 -> 79446.5 | M86: =SUM(K86:L86) -> 397232.5 | N86: =SUM($J86) -> 794465 | O86: =+J86/30*$O$12 -> 794465 | P86: =SUM($J86) -> 794465 | Q86: =+P86 -> 794465 | R86: =+P86 -> 794465 | S86: =ROUND((#REF!+(#REF!*$D$13)),0) -> #REF! | T86: =+#REF! -> #REF! | U86: =S86+T86 -> #REF! | V86: =+U86*6 -> #REF! | W86: =+V86+#REF! -> #REF!
B87: LOURDES | C87: 1 | D87: =+$D$6 -> 709977 | E87: =+ROUND((D87*$C$7),0) -> 70998 | F87: =ROUND((+E87+D87),0) -> 780975 | G87: =+ROUND((F87*10%),0) -> 78098 | H87: =ROUND((E87*19%),0) -> 13490 | I87: =+F87+H87 -> 794465 | J87: =+I87*C87 -> 794465 | K87: =+$J$63/30*12 -> 317786 | L87: =+((J87/2)/15)*3 -> 79446.5 | M87: =SUM(K87:L87) -> 397232.5 | N87: =SUM($J87) -> 794465 | O87: =+J87/30*$O$12 -> 794465 | P87: =SUM($J87) -> 794465 | Q87: =+P87 -> 794465 | R87: =+P87 -> 794465 | S87: =ROUND((#REF!+(#REF!*$D$13)),0) -> #REF! | T87: =+#REF! -> #REF! | U87: =S87+T87 -> #REF! | V87: =+U87*6 -> #REF! | W87: =+V87+#REF! -> #REF!
B88: MUTISCUA | C88: 1 | D88: =+$D$6 -> 709977 | E88: =+ROUND((D88*$C$7),0) -> 70998 | F88: =ROUND((+E88+D88),0) -> 780975 | G88: =+ROUND((F88*10%),0) -> 78098 | H88: =ROUND((E88*19%),0) -> 13490 | I88: =+F88+H88 -> 794465 | J88: =+I88*C88 -> 794465 | K88: =+$J$63/30*12 -> 317786 | L88: =+((J88/2)/15)*3 -> 79446.5 | M88: =SUM(K88:L88) -> 397232.5 | N88: =SUM($J88) -> 794465 | O88: =+J88/30*$O$12 -> 794465 | P88: =SUM($J88) -> 794465 | Q88: =+P88 -> 794465 | R88: =+P88 -> 794465 | S88: =ROUND((#REF!+(#REF!*$D$13)),0) -> #REF! | T88: =+#REF! -> #REF! | U88: =S88+T88 -> #REF! | V88: =+U88*6 -> #REF! | W88: =+V88+#REF! -> #REF!
B89: SALAZAR | C89: 1 | D89: =+$D$6 -> 709977 | E89: =+ROUND((D89*$C$7),0) -> 70998 | F89: =ROUND((+E89+D89),0) -> 780975 | G89: =+ROUND((F89*10%),0) -> 78098 | H89: =ROUND((E89*19%),0) -> 13490 | I89: =+F89+H89 -> 794465 | J89: =+I89*C89 -> 794465 | K89: =+$J$63/30*12 -> 317786 | L89: =+((J89/2)/15)*3 -> 79446.5 | M89: =SUM(K89:L89) -> 397232.5 | N89: =SUM($J89) -> 794465 | O89: =+J89/30*$O$12 -> 794465 | P89: =SUM($J89) -> 794465 | Q89: =+P89 -> 794465 | R89: =+P89 -> 794465 | S89: =ROUND((#REF!+(#REF!*$D$13)),0) -> #REF! | T89: =+#REF! -> #REF! | U89: =S89+T89 -> #REF! | V89: =+U89*6 -> #REF! | W89: =+V89+#REF! -> #REF!
B90: SANTIAGO | C90: 1 | D90: =+$D$6 -> 709977 | E90: =+ROUND((D90*$C$7),0) -> 70998 | F90: =ROUND((+E90+D90),0) -> 780975 | G90: =+ROUND((F90*10%),0) -> 78098 | H90: =ROUND((E90*19%),0) -> 13490 | I90: =+F90+H90 -> 794465 | J90: =+I90*C90 -> 794465 | K90: =+$J$63/30*12 -> 317786 | L90: =+((J90/2)/15)*3 -> 79446.5 | M90: =SUM(K90:L90) -> 397232.5 | N90: =SUM($J90) -> 794465 | O90: =+J90/30*$O$12 -> 794465 | P90: =SUM($J90) -> 794465 | Q90: =+P90 -> 794465 | R90: =+P90 -> 794465 | S90: =ROUND((#REF!+(#REF!*$D$13)),0) -> #REF! | T90: =+#REF! -> #REF! | U90: =S90+T90 -> #REF! | V90: =+U90*6 -> #REF! | W90: =+V90+#REF! -> #REF!
B91: CHINACOTA | C91: 1 | D91: =+$D$6 -> 709977 | E91: =+ROUND((D91*$C$7),0) -> 70998 | F91: =ROUND((+E91+D91),0) -> 780975 | G91: =+ROUND((F91*10%),0) -> 78098 | H91: =ROUND((E91*19%),0) -> 13490 | I91: =+F91+H91 -> 794465 | J91: =+I91*C91 -> 794465 | K91: =+$J$63/30*12 -> 317786 | L91: =+((J91/2)/15)*3 -> 79446.5 | M91: =SUM(K91:L91) -> 397232.5 | N91: =SUM($J91) -> 794465 | O91: =+J91/30*$O$12 -> 794465 | P91: =SUM($J91) -> 794465 | Q91: =+P91 -> 794465 | R91: =+P91 -> 794465 | S91: =ROUND((#REF!+(#REF!*$D$13)),0) -> #REF! | T91: =+#REF! -> #REF! | U91: =S91+T91 -> #REF! | V91: =+U91*6 -> #REF! | W91: =+V91+#REF! -> #REF!
B92: HACARI | C92: 1 | D92: =+$D$6 -> 709977 | E92: =+ROUND((D92*$C$7),0) -> 70998 | F92: =ROUND((+E92+D92),0) -> 780975 | G92: =+ROUND((F92*10%),0) -> 78098 | H92: =ROUND((E92*19%),0) -> 13490 | I92: =+F92+H92 -> 794465 | J92: =+I92*C92 -> 794465 | K92: =+$J$63/30*12 -> 317786 | L92: =+((J92/2)/15)*3 -> 79446.5 | M92: =SUM(K92:L92) -> 397232.5 | N92: =SUM($J92) -> 794465 | O92: =+J92/30*$O$12 -> 794465 | P92: =SUM($J92) -> 794465 | Q92: =+P92 -> 794465 | R92: =+P92 -> 794465 | S92: =ROUND((#REF!+(#REF!*$D$13)),0) -> #REF! | T92: =+#REF! -> #REF! | U92: =S92+T92 -> #REF! | V92: =+U92*6 -> #REF! | W92: =+V92+#REF! -> #REF!
B93: SILOS | C93: 1 | D93: =+$D$6 -> 709977 | E93: =+ROUND((D93*$C$7),0) -> 70998 | F93: =ROUND((+E93+D93),0) -> 780975 | G93: =+ROUND((F93*10%),0) -> 78098 | H93: =ROUND((E93*19%),0) -> 13490 | I93: =+F93+H93 -> 794465 | J93: =+I93*C93 -> 794465 | K93: =+$J$63/30*12 -> 317786 | L93: =+((J93/2)/15)*3 -> 79446.5 | M93: =SUM(K93:L93) -> 397232.5 | N93: =SUM($J93) -> 794465 | O93: =+J93/30*$O$12 -> 794465 | P93: =SUM($J93) -> 794465 | Q93: =+P93 -> 794465 | R93: =+P93 -> 794465 | S93: =ROUND((#REF!+(#REF!*$D$13)),0) -> #REF! | T93: =+#REF! -> #REF! | U93: =S93+T93 -> #REF! | V93: =+U93*6 -> #REF! | W93: =+V93+#REF! -> #REF!
B94: SAN CAYETANO | C94: 1 | D94: =+$D$6 -> 709977 | E94: =+ROUND((D94*$C$7),0) -> 70998 | F94: =ROUND((+E94+D94),0) -> 780975 | G94: =+ROUND((F94*10%),0) -> 78098 | H94: =ROUND((E94*19%),0) -> 13490 | I94: =+F94+H94 -> 794465 | J94: =+I94*C94 -> 794465 | K94: =+$J$63/30*12 -> 317786 | L94: =+((J94/2)/15)*3 -> 79446.5 | M94: =SUM(K94:L94) -> 397232.5 | N94: =SUM($J94) -> 794465 | O94: =+J94/30*$O$12 -> 794465 | P94: =SUM($J94) -> 794465 | Q94: =+P94 -> 794465 | R94: =+P94 -> 794465 | S94: =ROUND((#REF!+(#REF!*$D$13)),0) -> #REF! | T94: =+#REF! -> #REF! | U94: =S94+T94 -> #REF! | V94: =+U94*6 -> #REF! | W94: =+V94+#REF! -> #REF!
B95: TEORAMA | C95: 1 | D95: =+$D$6 -> 709977 | E95: =+ROUND((D95*$C$7),0) -> 70998 | F95: =ROUND((+E95+D95),0) -> 780975 | G95: =+ROUND((F95*10%),0) -> 78098 | H95: =ROUND((E95*19%),0) -> 13490 | I95: =+F95+H95 -> 794465 | J95: =+I95*C95 -> 794465 | K95: =+$J$63/30*12 -> 317786 | L95: =+((J95/2)/15)*3 -> 79446.5 | M95: =SUM(K95:L95) -> 397232.5 | N95: =SUM($J95) -> 794465 | O95: =+J95/30*$O$12 -> 794465 | P95: =SUM($J95) -> 794465 | Q95: =+P95 -> 794465 | R95: =+P95 -> 794465 | S95: =ROUND((#REF!+(#REF!*$D$13)),0) -> #REF! | T95: =+#REF! -> #REF! | U95: =S95+T95 -> #REF! | V95: =+U95*6 -> #REF! | W95: =+V95+#REF! -> #REF!
B96: TOLEDO | C96: 1 | D96: =+$D$6 -> 709977 | E96: =+ROUND((D96*$C$7),0) -> 70998 | F96: =ROUND((+E96+D96),0) -> 780975 | G96: =+ROUND((F96*10%),0) -> 78098 | H96: =ROUND((E96*19%),0) -> 13490 | I96: =+F96+H96 -> 794465 | J96: =+I96*C96 -> 794465 | K96: =+$J$63/30*12 -> 317786 | L96: =+((J96/2)/15)*3 -> 79446.5 | M96: =SUM(K96:L96) -> 397232.5 | N96: =SUM($J96) -> 794465 | O96: =+J96/30*$O$12 -> 794465 | P96: =SUM($J96) -> 794465 | Q96: =+P96 -> 794465 | R96: =+P96 -> 794465 | S96: =ROUND((#REF!+(#REF!*$D$13)),0) -> #REF! | T96: =+#REF! -> #REF! | U96: =S96+T96 -> #REF! | V96: =+U96*6 -> #REF! | W96: =+V96+#REF! -> #REF!
J97: =SUM(J13:J96) -> 196601859 | K97: =SUM(K13:K96) -> 1.7997707e+08 | L97: =SUM(L13:L96) -> 19660186 | M97: =SUM(M13:M96) -> 1.9963726e+08 | N97: =SUM(N13:N96) -> 196601859 | O97: =SUM(O13:O96) -> 196601859 | P97: =SUM(P13:P96) -> 196601859 | Q97: =SUM(Q13:Q96) -> 202244442 | R97: =SUM(R13:R96) -> 202244442 | S97: =ROUND((#REF!+(#REF!*$D$13)),0) -> #REF! | T97: =+#REF! -> #REF! | U97: =S97+T97 -> #REF! | V97: =+U97*6 -> #REF! | W97: =+V97+#REF! -> #REF!
N98: =SUM($J98) -> 0 | Q98: TOTAL SERVICIO A 30 DE JUNIO 2026 | R98: =R97+Q97+P97+O97+N97+M97 -> 1.1939317e+09
Q99: VALOR DE RP's 2026 | R99: 1225496829
Q100: DISPONIBLE PARA PAGO DE OPERARIOS O INSUMOS | R100: =R99-R98 -> 31565110

Sheet CONTROL DE PAGOS
A1: ASEO NORTE DE SANTANDER Y ARAUCA
A2: ASECOLBA
A3: C-092-2025
B5: PORCENTAJES | C5: =SUM(C13*$F$5/F13) -> 0.038770508 | D5: =SUM(D13*$F$5/$F$13) -> 0.95365217 | E5: =SUM(E13*$F$5/$F$13) -> 0.0075773257 | F5: 1
B6: Numero CDP | C6: 2425 | D6: 10425 | E6: 1725 | G6: Valor max adicionar
B7: REGIS, PRESU 2025 | C7: 29525 | D7: 129025 | E7: 16325 | F7: N/A
B8: REGIS, PRESU 2026 | F8: N/A
B9: UNIDAD | C9: U2 | D9: U8 | E9: U9 | F9: total
B10: CONTRATO-2025 | C10: 7847126 | D10: 249927227 | E10: 1533646 | F10: =SUM(C10:E10) -> 259307999
B11: DISMINUCION No 01 saldo 2025 | D11: 3131 | F11: =SUM(D11:E11) -> 3131
B12: CONTRATO-2026 | C12: 49719390 | D12: 1166060259 | E12: 9717180 | F12: =SUM(C12:E12) -> 1225496829
B13: TOTAL | C13: =SUM(C10:C12) -> 57566516 | D13: =+D10-D11+D12 -> 1415984355 | E13: =SUM(E10:E12) -> 11250826 | F13: =+F10-F11+F12 -> 1484801697
A15: PAGOS | B15: FECHA | C15: U2 | D15: U8 | E15: U9 | F15: TOTAL | G15: % de avance | H15: FECHA DE FACTURACIÓN sugerida | I15: No factura | J15: ESTADO
A16: 1 | B16: 3 dias de noviembre 2025 por 19 operarios T,C. | C16: =+$F$16*C5 -> 406502.34 | D16: =+$F$16*D5 -> 9998884.7 | E16: =+$F$16*E5 -> 79447.002 | F16: 10484834 | G16: =SUM((F16)*$F$5/$F$13) -> 0.0070614372 | H16: 45961 | I16: ELA No | J16: APROBADA TACITAMENTE
A17: 2 | B17: 45992 | C17: 7440625 | D17: 239928341 | E17: 1454199 | F17: =SUM(C17:E17) -> 248823165 | G17: =SUM((F17)*$F$5/$F$13) -> 0.16758007 | H17: 45962 | I17: ELA No 5086 | J17: APROBADA 26 DIC/2025
A18: 3 | B18: 46023 | C18: =+F18*$C$5 -> 7740037.3 | D18: =+F18*$D$5 -> 1.9038449e+08 | E18: =+F18*$E$5 -> 1512716.4 | F18: =+'[1]ANEXO ECONOMICO nov, dic y ener'!V88 -> 1.9963724e+08 | G18: =SUM((F18)*$F$5/$F$13) -> 0.13445381 | H18: 46052
A19: 4 | B19: 46054 | C19: =+F19*$C$5 -> 7622353.9 | D19: =+F19*$D$5 -> 1.8748979e+08 | E19: =+F19*$E$5 -> 1489716.3 | F19: =+'ANEXO ECONOMICO MODIFICACION 3'!N97 -> 196601859 | G19: =SUM((F19)*$F$5/$F$13) -> 0.13240951 | H19: 46080
A20: 5 | B20: 46082 | C20: =+F20*$C$5 -> 7622353.9 | D20: =+F20*$D$5 -> 1.8748979e+08 | E20: =+F20*$E$5 -> 1489716.3 | F20: =+'[1]ANEXO ECONOMICO MODIFICACION 3'!P97 -> 196601859 | G20: =SUM((F20)*$F$5/$F$13) -> 0.13240951 | H20: 46111
A21: 6 | B21: 46113 | C21: =+F21*$C$5 -> 7622353.9 | D21: =+F21*$D$5 -> 1.8748979e+08 | E21: =+F21*$E$5 -> 1489716.3 | F21: =+'ANEXO ECONOMICO MODIFICACION 3'!P97 -> 196601859 | G21: =SUM((F21)*$F$5/$F$13) -> 0.13240951 | H21: 46142
A22: 7 | B22: 46143 | C22: =+F22*$C$5 -> 7841119.7 | D22: =+F22*$D$5 -> 1.9287085e+08 | E22: =+F22*$E$5 -> 1532472 | F22: =+'ANEXO ECONOMICO MODIFICACION 3'!Q97 -> 202244442 | G22: =SUM((F22)*$F$5/$F$13) -> 0.13620973 | H22: 46171
A23: 8 | B23: 46174 | C23: =+F23*$C$5 -> 7841119.7 | D23: =+F23*$D$5 -> 1.9287085e+08 | E23: =+F23*$E$5 -> 1532472 | F23: =+'ANEXO ECONOMICO MODIFICACION 3'!R97 -> 202244442 | G23: =SUM((F23)*$F$5/$F$13) -> 0.13620973 | H23: 46203
G24: =SUM((F24)*$F$5/$F$13) -> 0
A25: TOTAL | C25: =SUM(C16:C23) -> 54136466 | D25: =SUM(D16:D23) -> 1.3885228e+09 | E25: =SUM(E16:E23) -> 10580455 | F25: =SUM(C25:E25) -> 1.4532397e+09 | G25: =SUM(G16:G24) -> 0.97874329
A26: QUEDA | C26: =+C13-C25 -> 3430050.1 | D26: =+D13-D25 -> 27461574 | E26: =+E13-E25 -> 670370.67 | F26: =+F13-F25 -> 31561995 | G26: =SUM(F5-G25) -> 0.021256707
B29: CORREO: | C29: siifnacion.facturaelectronica@minhacienda.gov.co
B30: CODIGO PCI UNIDAD 02 | C30: #$27-01-01-217;C-092-2025;jgamboave@cendoj.ramajudicial.gov.co#$
B31: CODIGO PCI UNIDAD 08 | C31: #$27-01-01-817;C-092-2025;jgamboave@cendoj.ramajudicial.gov.co#$
B32: CODIGO PCI UNIDAD 09 | C32: #$27-01-01-917;C-092-2025;jgamboave@cendoj.ramajudicial.gov.co#$
